Workbook
Name Auxiliar: #REF!
Name Auxiliar: #REF!
Name Auxiliar: #REF!
Name Auxiliar: #REF!
Name Auxiliar: #REF!
Name Auxiliar: #REF!
Name Auxiliar: #REF!
Name Auxiliar: #REF!
Name CUSTO_VALE_TRANSPORTE: #REF!
Name CUSTO_VALE_TRANSPORTE: #REF!
Name CUSTO_VALE_TRANSPORTE: #REF!
Name CUSTO_VALE_TRANSPORTE: #REF!
Name CUSTO_VALE_TRANSPORTE: #REF!
Name CUSTO_VALE_TRANSPORTE: #REF!
Name CUSTO_VALE_TRANSPORTE: #REF!
Name CUSTO_VALE_TRANSPORTE: #REF!
Name ecwece4c: #REF!
Name ecwece4c: #REF!
Name ecwece4c: #REF!
Name ecwece4c: #REF!
Name ecwece4c: #REF!
Name ecwece4c: #REF!
Name ecwece4c: #REF!
Name ecwece4c: #REF!
Name MOMB4: '[1]SERVENTE MANUTENCAO'!$I$144
Name MONA1: #REF!
Name MONA1: #REF!
Name MONA1: #REF!
Name MONA1: #REF!
Name MONA1: #REF!
Name MONA1: #REF!
Name MONA1: #REF!
Name MONA1: #REF!
Name MONA2: #REF!
Name MONA2: #REF!
Name MONA2: #REF!
Name MONA2: #REF!
Name MONA2: #REF!
Name MONA2: #REF!
Name MONA2: #REF!
Name MONA2: #REF!
Name MONA3: [2]HIDRAULICO!$I$138
Name MONA4: '[2]SERVENTE (AUX PRODUCAO)'!$I$138
Name MONA5: #REF!
Name MONA5: #REF!
Name MONA5: #REF!
Name MONA5: #REF!
Name MONA5: #REF!
Name MONA5: #REF!
Name MONA5: #REF!
Name MONA5: #REF!
Name MONA6: #REF!
Name MONA6: #REF!
Name MONA6: #REF!
Name MONA6: #REF!
Name MONA6: #REF!
Name MONA6: #REF!
Name MONA6: #REF!
Name MONA6: #REF!
Name MONA7: #REF!

Sheet Santa Maria
A1: PLANILHA DE CUSTOS E FORMAÇÃO DE PREÇOS DE SERVIÇOS CONTINUADOS COM DEDICAÇÃO EXCLUSIVA DE MÃO DE OBRA (ANEXO III - DECRETO 52.768 de 15.12.2015)
A2: PROCESSO: | C2: 24/2100-0000042-7 | E2: REGIME DE TRIBUTAÇÃO: LUCRO REAL
A3: LICITAÇÃO/EDITAL | E3: ABERTURA:
A4: Cargo/Função: | D4: Jovem Aprendiz | G4: =IF(D5="12x36","Regime de trabalho:","Quantidade de HORAS/MÊS") -> Quantidade de HORAS/MÊS | I4: =IF(D5="12x36",D5,5*D5) -> 100
A5: =IF(D5="12x36","Regime de trabalho:","Regime de trabalho (horas semanais):") -> Regime de trabalho (horas semanais): | D5: 20
A6: Convenção Coletiva de Trabalho: | D6: -- | G6: INSALUBRIDADE (10%, 20%, 40%) | I6: Não aplicável
A7: Origem do salário: | D7: Lei Estadual nº 16.040/2023 - Categoria IV
A8: Cidade: | D8: Santa Maria | G8: PERICULOSIDADE (30%) | I8: Não aplicável
A9: Salário Normativo | G9: Vlr. do salário e nº de horas correspondentes | H9: 220 | I9: 1711.69
A10: ISS | G10: =D8 -> Santa Maria | H10: Alíquota | I10: 0
A11: Tarifa Transporte | G11: CCT | H11: Vr. Unitário | I11: 6.15
H12: Dias | I12: 22
H13: Desconto | I13: 0.06
A14: Auxílio Alimentação | G14: CCT | H14: Vr. Unitário | I14: 200
H15: Mês | I15: 1
H16: Desconto | I16: 0.2
A17: Auxílio Lanche | G17: CCT | H17: Vr. Unitário | I17: 0
H18: Dias | I18: 0
H19: Desconto | I19: 0
A20: Despesas Atividades Teóricas | G20: CCT | H20: Valor mensal | I20: 428.1
A21: Adicional de Supervisor (37%) | H21: Porcentagem | I21: Não aplicável
A22: Base de cálculo da insalubridade | H22: Valor | I22: Não aplicável
A23: Quantitativo de horas trabalhadas em feriados no mês (estimado) - Não aplicável para postos 12x36 | H23: Horas por mês | I23: Não aplicável
H24: Acréscimo da hora extra | I24: Não aplicável
A25: Hora Intervalar (somente para postos 12x36, quando for o caso) | H25: Horas por mês | I25: Não aplicável
A26: Sem fornecimento de materiais ou apenas fornecimento de EPIs ou uniformes, utilizar 10%. Com fornecimento de materiais ou equipamentos, utilizar 20%. (Decreto 52.768/2015, alterado pelo Decreto 53.424/2017) | H26: Porcentagem | I26: 0.1
A28: MONTANTE A
A29: I | B29: Remuneração - Grupo I | H29: % | I29: Valor Mensal/unidade de serviço (R$)
A30: 1 | B30: Salário | H30: =I30/$I$39 -> 1 | I30: =IF(D5="12x36",I9,I9/H9*I4) -> 778.04091
A31: =A30+1 -> 2 | B31: Adicional Periculosidade 30% (Ver súmulas 364, 132 e 191 do TST) | H31: =I31/$I$39 -> 0 | I31: =IF(I8=30%,I30*I8,0) -> 0
A32: =A31+1 -> 3 | B32: Adicional Insalubridade 10% (Ver súmula 228 e 139 TST) | H32: =I32/$I$39 -> 0 | I32: =IF(I6=10%,I22*I6,0) -> 0
A33: =A32+1 -> 4 | B33: Adicional Insalubridade 20% (Ver súmula 228 e 139 TST) | H33: =I33/$I$39 -> 0 | I33: =IF(I6=20%,I22*I6,0) -> 0
A34: =A33+1 -> 5 | B34: Adicional Insalubridade 40% (Ver súmula 228 e 139 TST) | H34: =I34/$I$39 -> 0 | I34: =IF(I6=40%,I22*I6,0) -> 0
A35: =A34+1 -> 6 | B35: Adicional de Supervisor (IN 05/2017 MPOG SLTI) | H35: =I35/$I$39 -> 0 | I35: =IF(I21="Não aplicável",0,I30*I21) -> 0
A36: =A35+1 -> 7 | B36: Feriados | H36: =I36/$I$39 -> 0 | I36: =IF(I23="Não aplicável",0,(I30+I31+I32+I33+I34+I35+I38)/I4*I23*(1+I24)) -> 0
A37: =A36+1 -> 8 | B37: DSR = número total das horas extras do mês / número de dias úteis X domingos e feriados do mês X valor da hora extra com acréscimo | H37: =I37/$I$39 -> 0 | I37: =IF(I23="Não aplicável",0,I23/I12*5*(I9/H9*(1+I24))) -> 0
A38: =A37+1 -> 9 | B38: =IF(D5="12x36","Para postos 12x36 os feriados são considerados compensados, conforme parágrafo único, Art. 59-A da CLT","Outros") -> Outros | H38: =I38/$I$39 -> 0 | I38: 0
A39: Total de Remuneração | H39: =SUM(H30:H38) -> 1 | I39: =SUM(I30:I38) -> 778.04091
A41: II | B41: Encargos Sociais - Grupo II: Obrigações Sociais | H41: % | I41: Valor Mensal/unidade de serviço (R$)
A42: 1 | B42: INSS (art. 22, inc. I, Lei nº 8.212/91) | H42: 0.2 | I42: =$I$39*H42 -> 155.60818
A43: 2 | B43: SESI ou SESC (art. 30, Lei nº 8.036/90) | H43: 0.015 | I43: =$I$39*H43 -> 11.670614
A44: 3 | B44: SENAI ou SENAC (Decreto-Lei nº 2.318/86) | H44: 0.01 | I44: =$I$39*H44 -> 7.7804091
A45: 4 | B45: INCRA (art. 15I, Lei Complementar nº 011/71) | H45: 0.002 | I45: =$I$39*H45 -> 1.5560818
A46: 5 | B46: SALÁRIO EDUCAÇÃO (art. , inc. I, Decreto nº 87.043/82) | H46: 0.025 | I46: =$I$39*H46 -> 19.451023
A47: 6 | B47: FGTS (art. 15, Lei nº 8.036/90) | H47: 0.02 | I47: =$I$39*H47 -> 15.560818
A48: 7 | B48: SEG. ACIDENTE DO TRABALHO 1%, 2% e 3% (art. 22, inc. II, alíneas "b" e "c", da Lei nº 8.212/91) | H48: 0.03 | I48: =$I$39*H48 -> 23.341227
A49: 8 | B49: SEBRAE (§ 3º, art. 8º, Lei nº 8.029/90) | H49: 0.006 | I49: =$I$39*H49 -> 4.6682455
A50: Total do Grupo II | H50: =SUM(H42:H49) -> 0.308 | I50: =SUM(I42:I49) -> 239.6366
A51: Os percentuais para o SAT podem variar de 0,50% a 6,00% em função do Fator de Acidente Previdenciário (FAP), Decreto nº 6.957/2009
A52: Deverá obrigatoriamente acompanhar a proposta de preços e a planilha de custos e formação de preços a prova do Fator Acidentário de Prevenção – FAP por meio de impressão de consulta ao site do Ministério da Previdência Social (que pode ser obtido no endereço eletrônico http://www2.dataprev.gov.br/fap/fap.htm), independentemente de alteração da alíquota da parcela do Seguro Acidente de Trabalho disposta no Quadro II da referida planilha.
A53: III | B53: Encargos Sociais - Grupo III: Tempo Não Trabalhado | H53: % | I53: Valor Mensal/unidade de serviço (R$)
A54: 1 | B54: FÉRIAS GOZADAS + ADICIONAL DE FÉRIAS | H54: 0.119314 | I54: =$I$39*H54 -> 92.831173
A55: 2 | B55: FALTAS ABONADAS (3) | H55: 0.020479 | I55: =$I$39*H55 -> 15.9335
A56: 3 | B56: FALTAS LEGAIS (4) | H56: 0.012123 | I56: =$I$39*H56 -> 9.4321899
A57: 4 | B57: LICENÇA MATERNIDADE | H57: 0.011436 | I57: =$I$39*H57 -> 8.8976758
A58: 5 | B58: LICENÇA PATERNIDADE | H58: 0.000174 | I58: =$I$39*H58 -> 0.13537912
A59: 6 | B59: ACIDENTE DE TRABALHO | H59: 0.000442 | I59: =$I$39*H59 -> 0.34389408
A60: 7 | B60: AVISO PRÉVIO TRABALHADO | H60: 0.000185 | I60: =$I$39*H60 -> 0.14393757
A61: 8 | B61: 13º SALÁRIO | H61: 0.09079 | I61: =$I$39*H61 -> 70.638334
A62: Total do Grupo III | H62: =SUM(H54:H61) -> 0.254943 | I62: =SUM(I54:I61) -> 198.35608
A63: (3) | B63: Faltas Justificadas por Auxílio Doença
A64: (4) | B64: Faltas Legais - Art. 473 CLT
A65: IV | B65: Encargos Sociais - Grupo IV: Indenizações | H65: % | I65: Valor Mensal/unidade de serviço (R$)
A66: 1 | B66: INDENIZAÇÕES | H66: 0.023627 | I66: =$I$39*H66 -> 18.382773
A67: 2 | B67: FGTS SOBRE INDENIZAÇÕES | H67: 0.001717 | I67: =$I$39*H67 -> 1.3358962
A68: 3 | B68: INDENIZAÇÃO COMPENSATÓRIA POR DEMISSÃO SEM JUSTA CAUSA | H68: 0.009451 | I68: =$I$39*H68 -> 7.3532646
A69: Total do Grupo IV | H69: =SUM(H66:H68) -> 0.034795 | I69: =SUM(I66:I68) -> 27.071933
A71: V | B71: Encargos Sociais - Grupo V: Incidências | H71: % | I71: Valor Mensal/unidade de serviço (R$)
A72: 1 | B72: INCIDÊNCIA GRUPO II (Obrigações Sociais) X GRUPO III (Tempo Não Trabalhado) | H72: =(H50*H62) -> 0.078522444 | I72: =$I$39*H72 -> 61.093674
A73: Total do Grupo V | H73: =SUM(H72:H72) -> 0.078522444 | I73: =I72 -> 61.093674
A75: TOTAL DOS ENCAGOS SOCIAIS (II + III + IV + V) | H75: =H50+H62+H69+H73 -> 0.67626044 | I75: =I50+I62+I69+I73 -> 526.15829
A77: VI | B77: Demais custos relativos à Norma Coletiva ou Disposições Legais - Grupo VI | H77: % | I77: Valor Mensal/unidade de serviço (R$)
A78: 1 | B78: Auxílio Alimentação | H78: =I78/$I$39 -> 0.20564471 | I78: =I95 -> 160
A79: 2 | B79: Auxílio Lanche | H79: =I79/$I$39 -> 0 | I79: =I91 -> 0
A80: 3 | B80: Vale-Transporte⁽⁵⁾ | H80: =I80/$I$39 -> 0.28779662 | I80: =I87 -> 223.91755
A81: 4 | B81: Adicional Intervalar | H81: =I81/$I$39 -> 0 | I81: =IF(I25="Não aplicável",0,((I9/H9)*1.5*I25)) -> 0
A82: 5 | B82: Outros | H82: =I82/$I$39 -> 0 | I82: 0
A83: Total do Grupo VI | H83: =SUM(H78:H82) -> 0.49344134 | I83: =SUM(I78:I82) -> 383.91755
A84: (5) | B84: O valor do vale-transporte pode variar de acordo com o modal fornecido pelo empregador.
A85: MEMÓRIA DE CÁLCULO DO VALE TRANSPORTE
A86: Valor Unitário | C86: Dias de Trabalho | D86: Vale p/dia | E86: Custo total | F86: Base de cálculo | G86: Percentual de desconto | H86: Valor desconto | I86: Custo efetivo
A87: =I11 -> 6.15 | C87: =I12 -> 22 | D87: 2 | E87: =A87*C87*D87 -> 270.6 | F87: =I30 -> 778.04091 | G87: =I13 -> 0.06 | H87: =F87*G87 -> 46.682455 | I87: =IF((E87-H87)>0,E87-H87,0) -> 223.91755
A89: MEMÓRIA DE CÁLCULO DO VALE LANCHE
A90: Valor Unitário | C90: Dias por mês | D90: Vale p/dia | E90: Custo total | F90: Base de cálculo | G90: Percentual de desconto | H90: Valor desconto | I90: Custo efetivo
A91: =I17 -> 0 | C91: =I18 -> 0 | D91: 1 | E91: =A91*C91*D91 -> 0 | F91: =E91 -> 0 | G91: =I19 -> 0 | H91: =F91*G91 -> 0 | I91: =E91-H91 -> 0
A93: MEMÓRIA DE CÁLCULO DO | F93: =A14 -> Auxílio Alimentação
A94: Valor Unitário | C94: Dias por mês | D94: Vale p/dia | E94: Custo total | F94: Base de cálculo | G94: Percentual de desconto | H94: =H86 -> Valor desconto | I94: Custo efetivo
A95: =I14 -> 200 | C95: =I15 -> 1 | D95: 1 | E95: =A95*C95*D95 -> 200 | F95: =E95 -> 200 | G95: =I16 -> 0.2 | H95: =F95*G95 -> 40 | I95: =E95-H95 -> 160
A97: TOTAL DO MONTANTE A (I + II + III+ IV + V +VI) | H97: =H39+H75+H83 -> 2.1697018 | I97: =I39+I75+I83 -> 1688.1167
A99: MONTANTE B
A100: I | B100: Despesas Diretas | H100: % | I100: Valor Mensal/unidade de serviço (R$)
A101: 1 | B101: Transporte (6) | H101: =I101/$I$112 -> 0 | I101: 0
A102: 2 | B102: Uniformes/EPI (6a) | H102: =I102/$I$112 -> 0.1 | I102: =IF(F110=10%,G110,0) -> 146.41992
A103: 3 | B103: Seguro de vida | H103: =I103/$I$112 -> 0 | I103: 0
A104: 4 | B104: Materiais/Equipamentos | H104: =I104/$I$112 -> 0 | I104: =IF(F110=20%,G110,0) -> 0
A105: 5 | B105: Mobilização (7) | H105: =I105/$I$112 -> 0 | I105: 0
A106: 6 | B106: Outros | H106: =I106/$I$112 -> 0 | I106: 0
A107: Total de Despesas Diretas | H107: =H101+H102+H103+H104+H105+H106 -> 0.1 | I107: =SUM(I101:I106) -> 146.41992
B108: (6) Somente será preenchido quando o licitante fornecer transporte próprio (6a) EPI - Equipamento de Proteção Individual (7) Tais custos de mobilização não são renováveis, devendo ser eliminados após o primeiro ano de contrato caso haja prorrogação
A110: LIMITE QUADRO I (Despesas Diretas) sobre Montante A (exceto Vale-transporte), conforme alíneas "b.2" e "b.3", Inc. II, art. 7º, do Decreto 52.768/2015, alterado pelo Decreto 53.424/2017: 10% SEM MATERIAIS/EQUIPAMENTOS; 20% COM MATERIAIS/EQUIPAMENTOS | F110: =I26 -> 0.1 | G110: =I112*F110 -> 146.41992 | H110: Dedução Vale Transporte | I110: =I80 -> 223.91755
...

Sheet São Leopoldo
A1: PLANILHA DE CUSTOS E FORMAÇÃO DE PREÇOS DE SERVIÇOS CONTINUADOS COM DEDICAÇÃO EXCLUSIVA DE MÃO DE OBRA (ANEXO III - DECRETO 52.768 de 15.12.2015)
A2: PROCESSO: | C2: 24/2100-0000042-7 | E2: REGIME DE TRIBUTAÇÃO: LUCRO PRESUMIDO
A3: LICITAÇÃO/EDITAL | E3: ABERTURA:
A4: Cargo/Função: | D4: Jovem Aprendiz | G4: =IF(D5="12x36","Regime de trabalho:","Quantidade de HORAS/MÊS") -> Quantidade de HORAS/MÊS | I4: =IF(D5="12x36",D5,5*D5) -> 100
A5: =IF(D5="12x36","Regime de trabalho:","Regime de trabalho (horas semanais):") -> Regime de trabalho (horas semanais): | D5: 20
A6: Convenção Coletiva de Trabalho: | D6: -- | G6: INSALUBRIDADE (10%, 20%, 40%) | I6: Não aplicável
A7: Origem do salário: | D7: Lei Estadual nº 16.040/2023 - Categoria IV
A8: Cidade: | D8: São Leopoldo | G8: PERICULOSIDADE (30%) | I8: Não aplicável
A9: Salário Normativo | G9: Vlr. do salário e nº de horas correspondentes | H9: 220 | I9: 1711.69
A10: ISS | G10: =D8 -> São Leopoldo | H10: Alíquota | I10: 0
A11: Tarifa Transporte | G11: CCT | H11: Vr. Unitário | I11: 4.8
H12: Dias | I12: 22
H13: Desconto | I13: 0.06
A14: Auxílio Alimentação | G14: CCT | H14: Vr. Unitário | I14: 200
H15: Mês | I15: 1
H16: Desconto | I16: 0.2
A17: Auxílio Lanche | G17: CCT | H17: Vr. Unitário | I17: 0
H18: Dias | I18: 0
H19: Desconto | I19: 0
A20: Despesas Atividades Teóricas | G20: CCT | H20: Valor mensal | I20: 428.1
A21: Adicional de Supervisor (37%) | H21: Porcentagem | I21: Não aplicável
A22: Base de cálculo da insalubridade | H22: Valor | I22: Não aplicável
A23: Quantitativo de horas trabalhadas em feriados no mês (estimado) - Não aplicável para postos 12x36 | H23: Horas por mês | I23: Não aplicável
H24: Acréscimo da hora extra | I24: Não aplicável
A25: Hora Intervalar (somente para postos 12x36, quando for o caso) | H25: Horas por mês | I25: Não aplicável
A26: Sem fornecimento de materiais ou apenas fornecimento de EPIs ou uniformes, utilizar 10%. Com fornecimento de materiais ou equipamentos, utilizar 20%. (Decreto 52.768/2015, alterado pelo Decreto 53.424/2017) | H26: Porcentagem | I26: 0.1
A28: MONTANTE A
A29: I | B29: Remuneração - Grupo I | H29: % | I29: Valor Mensal/unidade de serviço (R$)
A30: 1 | B30: Salário | H30: =I30/$I$39 -> 1 | I30: =IF(D5="12x36",I9,I9/H9*I4) -> 778.04091
A31: =A30+1 -> 2 | B31: Adicional Periculosidade 30% (Ver súmulas 364, 132 e 191 do TST) | H31: =I31/$I$39 -> 0 | I31: =IF(I8=30%,I30*I8,0) -> 0
A32: =A31+1 -> 3 | B32: Adicional Insalubridade 10% (Ver súmula 228 e 139 TST) | H32: =I32/$I$39 -> 0 | I32: =IF(I6=10%,I22*I6,0) -> 0
A33: =A32+1 -> 4 | B33: Adicional Insalubridade 20% (Ver súmula 228 e 139 TST) | H33: =I33/$I$39 -> 0 | I33: =IF(I6=20%,I22*I6,0) -> 0
A34: =A33+1 -> 5 | B34: Adicional Insalubridade 40% (Ver súmula 228 e 139 TST) | H34: =I34/$I$39 -> 0 | I34: =IF(I6=40%,I22*I6,0) -> 0
A35: =A34+1 -> 6 | B35: Adicional de Supervisor (IN 05/2017 MPOG SLTI) | H35: =I35/$I$39 -> 0 | I35: =IF(I21="Não aplicável",0,I30*I21) -> 0
A36: =A35+1 -> 7 | B36: Feriados | H36: =I36/$I$39 -> 0 | I36: =IF(I23="Não aplicável",0,(I30+I31+I32+I33+I34+I35+I38)/I4*I23*(1+I24)) -> 0
A37: =A36+1 -> 8 | B37: DSR = número total das horas extras do mês / número de dias úteis X domingos e feriados do mês X valor da hora extra com acréscimo | H37: =I37/$I$39 -> 0 | I37: =IF(I23="Não aplicável",0,I23/I12*5*(I9/H9*(1+I24))) -> 0
A38: =A37+1 -> 9 | B38: =IF(D5="12x36","Para postos 12x36 os feriados são considerados compensados, conforme parágrafo único, Art. 59-A da CLT","Outros") -> Outros | H38: =I38/$I$39 -> 0 | I38: 0
A39: Total de Remuneração | H39: =SUM(H30:H38) -> 1 | I39: =SUM(I30:I38) -> 778.04091
A41: II | B41: Encargos Sociais - Grupo II: Obrigações Sociais | H41: % | I41: Valor Mensal/unidade de serviço (R$)
A42: 1 | B42: INSS (art. 22, inc. I, Lei nº 8.212/91) | H42: 0.2 | I42: =$I$39*H42 -> 155.60818
A43: 2 | B43: SESI ou SESC (art. 30, Lei nº 8.036/90) | H43: 0.015 | I43: =$I$39*H43 -> 11.670614
A44: 3 | B44: SENAI ou SENAC (Decreto-Lei nº 2.318/86) | H44: 0.01 | I44: =$I$39*H44 -> 7.7804091
A45: 4 | B45: INCRA (art. 15I, Lei Complementar nº 011/71) | H45: 0.002 | I45: =$I$39*H45 -> 1.5560818
A46: 5 | B46: SALÁRIO EDUCAÇÃO (art. , inc. I, Decreto nº 87.043/82) | H46: 0.025 | I46: =$I$39*H46 -> 19.451023
A47: 6 | B47: FGTS (art. 15, Lei nº 8.036/90) | H47: 0.02 | I47: =$I$39*H47 -> 15.560818
A48: 7 | B48: SEG. ACIDENTE DO TRABALHO 1%, 2% e 3% (art. 22, inc. II, alíneas "b" e "c", da Lei nº 8.212/91) | H48: 0.03 | I48: =$I$39*H48 -> 23.341227
A49: 8 | B49: SEBRAE (§ 3º, art. 8º, Lei nº 8.029/90) | H49: 0.006 | I49: =$I$39*H49 -> 4.6682455
A50: Total do Grupo II | H50: =SUM(H42:H49) -> 0.308 | I50: =SUM(I42:I49) -> 239.6366
A51: Os percentuais para o SAT podem variar de 0,50% a 6,00% em função do Fator de Acidente Previdenciário (FAP), Decreto nº 6.957/2009
A52: Deverá obrigatoriamente acompanhar a proposta de preços e a planilha de custos e formação de preços a prova do Fator Acidentário de Prevenção – FAP por meio de impressão de consulta ao site do Ministério da Previdência Social (que pode ser obtido no endereço eletrônico http://www2.dataprev.gov.br/fap/fap.htm), independentemente de alteração da alíquota da parcela do Seguro Acidente de Trabalho disposta no Quadro II da referida planilha.
A53: III | B53: Encargos Sociais - Grupo III: Tempo Não Trabalhado | H53: % | I53: Valor Mensal/unidade de serviço (R$)
A54: 1 | B54: FÉRIAS GOZADAS + ADICIONAL DE FÉRIAS | H54: 0.119314 | I54: =$I$39*H54 -> 92.831173
A55: 2 | B55: FALTAS ABONADAS (3) | H55: 0.020479 | I55: =$I$39*H55 -> 15.9335
A56: 3 | B56: FALTAS LEGAIS (4) | H56: 0.012123 | I56: =$I$39*H56 -> 9.4321899
A57: 4 | B57: LICENÇA MATERNIDADE | H57: 0.011436 | I57: =$I$39*H57 -> 8.8976758
A58: 5 | B58: LICENÇA PATERNIDADE | H58: 0.000174 | I58: =$I$39*H58 -> 0.13537912
A59: 6 | B59: ACIDENTE DE TRABALHO | H59: 0.000442 | I59: =$I$39*H59 -> 0.34389408
A60: 7 | B60: AVISO PRÉVIO TRABALHADO | H60: 0.000185 | I60: =$I$39*H60 -> 0.14393757
A61: 8 | B61: 13º SALÁRIO | H61: 0.09079 | I61: =$I$39*H61 -> 70.638334
A62: Total do Grupo III | H62: =SUM(H54:H61) -> 0.254943 | I62: =SUM(I54:I61) -> 198.35608
A63: (3) | B63: Faltas Justificadas por Auxílio Doença
A64: (4) | B64: Faltas Legais - Art. 473 CLT
A65: IV | B65: Encargos Sociais - Grupo IV: Indenizações | H65: % | I65: Valor Mensal/unidade de serviço (R$)
A66: 1 | B66: INDENIZAÇÕES | H66: 0.023627 | I66: =$I$39*H66 -> 18.382773
A67: 2 | B67: FGTS SOBRE INDENIZAÇÕES | H67: 0.001717 | I67: =$I$39*H67 -> 1.3358962
A68: 3 | B68: INDENIZAÇÃO COMPENSATÓRIA POR DEMISSÃO SEM JUSTA CAUSA | H68: 0.009451 | I68: =$I$39*H68 -> 7.3532646
A69: Total do Grupo IV | H69: =SUM(H66:H68) -> 0.034795 | I69: =SUM(I66:I68) -> 27.071933
A71: V | B71: Encargos Sociais - Grupo V: Incidências | H71: % | I71: Valor Mensal/unidade de serviço (R$)
A72: 1 | B72: INCIDÊNCIA GRUPO II (Obrigações Sociais) X GRUPO III (Tempo Não Trabalhado) | H72: =(H50*H62) -> 0.078522444 | I72: =$I$39*H72 -> 61.093674
A73: Total do Grupo V | H73: =SUM(H72:H72) -> 0.078522444 | I73: =I72 -> 61.093674
A75: TOTAL DOS ENCAGOS SOCIAIS (II + III + IV + V) | H75: =H50+H62+H69+H73 -> 0.67626044 | I75: =I50+I62+I69+I73 -> 526.15829
A77: VI | B77: Demais custos relativos à Norma Coletiva ou Disposições Legais - Grupo VI | H77: % | I77: Valor Mensal/unidade de serviço (R$)
A78: 1 | B78: Auxílio Alimentação | H78: =I78/$I$39 -> 0.20564471 | I78: =I95 -> 160
A79: 2 | B79: Auxílio Lanche | H79: =I79/$I$39 -> 0 | I79: =I91 -> 0
A80: 3 | B80: Vale-Transporte⁽⁵⁾ | H80: =I80/$I$39 -> 0.21145102 | I80: =I87 -> 164.51755
A81: 4 | B81: Adicional Intervalar | H81: =I81/$I$39 -> 0 | I81: =IF(I25="Não aplicável",0,((I9/H9)*1.5*I25)) -> 0
A82: 5 | B82: Outros | H82: =I82/$I$39 -> 0 | I82: 0
A83: Total do Grupo VI | H83: =SUM(H78:H82) -> 0.41709574 | I83: =SUM(I78:I82) -> 324.51755
A84: (5) | B84: O valor do vale-transporte pode variar de acordo com o modal fornecido pelo empregador.
A85: MEMÓRIA DE CÁLCULO DO VALE TRANSPORTE
A86: Valor Unitário | C86: Dias de Trabalho | D86: Vale p/dia | E86: Custo total | F86: Base de cálculo | G86: Percentual de desconto | H86: Valor desconto | I86: Custo efetivo
A87: =I11 -> 4.8 | C87: =I12 -> 22 | D87: 2 | E87: =A87*C87*D87 -> 211.2 | F87: =I30 -> 778.04091 | G87: =I13 -> 0.06 | H87: =F87*G87 -> 46.682455 | I87: =IF((E87-H87)>0,E87-H87,0) -> 164.51755
A89: MEMÓRIA DE CÁLCULO DO VALE LANCHE
A90: Valor Unitário | C90: Dias por mês | D90: Vale p/dia | E90: Custo total | F90: Base de cálculo | G90: Percentual de desconto | H90: Valor desconto | I90: Custo efetivo
A91: =I17 -> 0 | C91: =I18 -> 0 | D91: 1 | E91: =A91*C91*D91 -> 0 | F91: =E91 -> 0 | G91: =I19 -> 0 | H91: =F91*G91 -> 0 | I91: =E91-H91 -> 0
A93: MEMÓRIA DE CÁLCULO DO | F93: =A14 -> Auxílio Alimentação
A94: Valor Unitário | C94: Dias por mês | D94: Vale p/dia | E94: Custo total | F94: Base de cálculo | G94: Percentual de desconto | H94: =H86 -> Valor desconto | I94: Custo efetivo
A95: =I14 -> 200 | C95: =I15 -> 1 | D95: 1 | E95: =A95*C95*D95 -> 200 | F95: =E95 -> 200 | G95: =I16 -> 0.2 | H95: =F95*G95 -> 40 | I95: =E95-H95 -> 160
A97: TOTAL DO MONTANTE A (I + II + III+ IV + V +VI) | H97: =H39+H75+H83 -> 2.0933562 | I97: =I39+I75+I83 -> 1628.7167
A99: MONTANTE B
A100: I | B100: Despesas Diretas | H100: % | I100: Valor Mensal/unidade de serviço (R$)
A101: 1 | B101: Transporte (6) | H101: =I101/$I$112 -> 0 | I101: 0
A102: 2 | B102: Uniformes/EPI (6a) | H102: =I102/$I$112 -> 0 | I102: 0
A103: 3 | B103: Seguro de vida | H103: =I103/$I$112 -> 0 | I103: 0
A104: 4 | B104: Materiais/Equipamentos | H104: =I104/$I$112 -> 0 | I104: =IF(F110=20%,G110,0) -> 0
A105: 5 | B105: Mobilização (7) | H105: =I105/$I$112 -> 0 | I105: 0
A106: 6 | B106: Outros | H106: =I106/$I$112 -> 0 | I106: 0
A107: Total de Despesas Diretas | H107: =H101+H102+H103+H104+H105+H106 -> 0 | I107: =SUM(I101:I106) -> 0
B108: (6) Somente será preenchido quando o licitante fornecer transporte próprio (6a) EPI - Equipamento de Proteção Individual (7) Tais custos de mobilização não são renováveis, devendo ser eliminados após o primeiro ano de contrato caso haja prorrogação
A110: LIMITE QUADRO I (Despesas Diretas) sobre Montante A (exceto Vale-transporte), conforme alíneas "b.2" e "b.3", Inc. II, art. 7º, do Decreto 52.768/2015, alterado pelo Decreto 53.424/2017: 10% SEM MATERIAIS/EQUIPAMENTOS; 20% COM MATERIAIS/EQUIPAMENTOS | F110: =I26 -> 0.1 | G110: =I112*F110 -> 146.41992 | H110: Dedução Vale Transporte | I110: =I80 -> 164.51755
...

Sheet Novo Hamburgo
A1: PLANILHA DE CUSTOS E FORMAÇÃO DE PREÇOS DE SERVIÇOS CONTINUADOS COM DEDICAÇÃO EXCLUSIVA DE MÃO DE OBRA (ANEXO III - DECRETO 52.768 de 15.12.2015)
A2: PROCESSO: | C2: 24/2100-0000042-7 | E2: REGIME DE TRIBUTAÇÃO: LUCRO PRESUMIDO
A3: LICITAÇÃO/EDITAL | E3: ABERTURA:
A4: Cargo/Função: | D4: Jovem Aprendiz | G4: =IF(D5="12x36","Regime de trabalho:","Quantidade de HORAS/MÊS") -> Quantidade de HORAS/MÊS | I4: =IF(D5="12x36",D5,5*D5) -> 100
A5: =IF(D5="12x36","Regime de trabalho:","Regime de trabalho (horas semanais):") -> Regime de trabalho (horas semanais): | D5: 20
A6: Convenção Coletiva de Trabalho: | D6: -- | G6: INSALUBRIDADE (10%, 20%, 40%) | I6: Não aplicável
A7: Origem do salário: | D7: Lei Estadual nº 16.040/2023 - Categoria IV
A8: Cidade: | D8: Novo Hamburgo | G8: PERICULOSIDADE (30%) | I8: Não aplicável
A9: Salário Normativo | G9: Vlr. do salário e nº de horas correspondentes | H9: 220 | I9: 1711.69
A10: ISS | G10: =D8 -> Novo Hamburgo | H10: Alíquota | I10: 0
A11: Tarifa Transporte | G11: CCT | H11: Vr. Unitário | I11: 5
H12: Dias | I12: 22
H13: Desconto | I13: 0.06
A14: Auxílio Alimentação | G14: CCT | H14: Vr. Unitário | I14: 200
H15: Mês | I15: 1
H16: Desconto | I16: 0.2
A17: Auxílio Lanche | G17: CCT | H17: Vr. Unitário | I17: 0
H18: Dias | I18: 0
H19: Desconto | I19: 0
A20: Despesas Atividades Teóricas | G20: CCT | H20: Valor mensal | I20: 428.1
A21: Adicional de Supervisor (37%) | H21: Porcentagem | I21: Não aplicável
A22: Base de cálculo da insalubridade | H22: Valor | I22: Não aplicável
A23: Quantitativo de horas trabalhadas em feriados no mês (estimado) - Não aplicável para postos 12x36 | H23: Horas por mês | I23: Não aplicável
H24: Acréscimo da hora extra | I24: Não aplicável
A25: Hora Intervalar (somente para postos 12x36, quando for o caso) | H25: Horas por mês | I25: Não aplicável
A26: Sem fornecimento de materiais ou apenas fornecimento de EPIs ou uniformes, utilizar 10%. Com fornecimento de materiais ou equipamentos, utilizar 20%. (Decreto 52.768/2015, alterado pelo Decreto 53.424/2017) | H26: Porcentagem | I26: 0.1
A28: MONTANTE A
A29: I | B29: Remuneração - Grupo I | H29: % | I29: Valor Mensal/unidade de serviço (R$)
A30: 1 | B30: Salário | H30: =I30/$I$39 -> 1 | I30: =IF(D5="12x36",I9,I9/H9*I4) -> 778.04091
A31: =A30+1 -> 2 | B31: Adicional Periculosidade 30% (Ver súmulas 364, 132 e 191 do TST) | H31: =I31/$I$39 -> 0 | I31: =IF(I8=30%,I30*I8,0) -> 0
A32: =A31+1 -> 3 | B32: Adicional Insalubridade 10% (Ver súmula 228 e 139 TST) | H32: =I32/$I$39 -> 0 | I32: =IF(I6=10%,I22*I6,0) -> 0
A33: =A32+1 -> 4 | B33: Adicional Insalubridade 20% (Ver súmula 228 e 139 TST) | H33: =I33/$I$39 -> 0 | I33: =IF(I6=20%,I22*I6,0) -> 0
A34: =A33+1 -> 5 | B34: Adicional Insalubridade 40% (Ver súmula 228 e 139 TST) | H34: =I34/$I$39 -> 0 | I34: =IF(I6=40%,I22*I6,0) -> 0
A35: =A34+1 -> 6 | B35: Adicional de Supervisor (IN 05/2017 MPOG SLTI) | H35: =I35/$I$39 -> 0 | I35: =IF(I21="Não aplicável",0,I30*I21) -> 0
A36: =A35+1 -> 7 | B36: Feriados | H36: =I36/$I$39 -> 0 | I36: =IF(I23="Não aplicável",0,(I30+I31+I32+I33+I34+I35+I38)/I4*I23*(1+I24)) -> 0
A37: =A36+1 -> 8 | B37: DSR = número total das horas extras do mês / número de dias úteis X domingos e feriados do mês X valor da hora extra com acréscimo | H37: =I37/$I$39 -> 0 | I37: =IF(I23="Não aplicável",0,I23/I12*5*(I9/H9*(1+I24))) -> 0
A38: =A37+1 -> 9 | B38: =IF(D5="12x36","Para postos 12x36 os feriados são considerados compensados, conforme parágrafo único, Art. 59-A da CLT","Outros") -> Outros | H38: =I38/$I$39 -> 0 | I38: 0
A39: Total de Remuneração | H39: =SUM(H30:H38) -> 1 | I39: =SUM(I30:I38) -> 778.04091
A41: II | B41: Encargos Sociais - Grupo II: Obrigações Sociais | H41: % | I41: Valor Mensal/unidade de serviço (R$)
A42: 1 | B42: INSS (art. 22, inc. I, Lei nº 8.212/91) | H42: 0.2 | I42: =$I$39*H42 -> 155.60818
A43: 2 | B43: SESI ou SESC (art. 30, Lei nº 8.036/90) | H43: 0.015 | I43: =$I$39*H43 -> 11.670614
A44: 3 | B44: SENAI ou SENAC (Decreto-Lei nº 2.318/86) | H44: 0.01 | I44: =$I$39*H44 -> 7.7804091
A45: 4 | B45: INCRA (art. 15I, Lei Complementar nº 011/71) | H45: 0.002 | I45: =$I$39*H45 -> 1.5560818
A46: 5 | B46: SALÁRIO EDUCAÇÃO (art. , inc. I, Decreto nº 87.043/82) | H46: 0.025 | I46: =$I$39*H46 -> 19.451023
A47: 6 | B47: FGTS (art. 15, Lei nº 8.036/90) | H47: 0.02 | I47: =$I$39*H47 -> 15.560818
A48: 7 | B48: SEG. ACIDENTE DO TRABALHO 1%, 2% e 3% (art. 22, inc. II, alíneas "b" e "c", da Lei nº 8.212/91) | H48: 0.03 | I48: =$I$39*H48 -> 23.341227
A49: 8 | B49: SEBRAE (§ 3º, art. 8º, Lei nº 8.029/90) | H49: 0.006 | I49: =$I$39*H49 -> 4.6682455
A50: Total do Grupo II | H50: =SUM(H42:H49) -> 0.308 | I50: =SUM(I42:I49) -> 239.6366
A51: Os percentuais para o SAT podem variar de 0,50% a 6,00% em função do Fator de Acidente Previdenciário (FAP), Decreto nº 6.957/2009
A52: Deverá obrigatoriamente acompanhar a proposta de preços e a planilha de custos e formação de preços a prova do Fator Acidentário de Prevenção – FAP por meio de impressão de consulta ao site do Ministério da Previdência Social (que pode ser obtido no endereço eletrônico http://www2.dataprev.gov.br/fap/fap.htm), independentemente de alteração da alíquota da parcela do Seguro Acidente de Trabalho disposta no Quadro II da referida planilha.
A53: III | B53: Encargos Sociais - Grupo III: Tempo Não Trabalhado | H53: % | I53: Valor Mensal/unidade de serviço (R$)
A54: 1 | B54: FÉRIAS GOZADAS + ADICIONAL DE FÉRIAS | H54: 0.119314 | I54: =$I$39*H54 -> 92.831173
A55: 2 | B55: FALTAS ABONADAS (3) | H55: 0.020479 | I55: =$I$39*H55 -> 15.9335
A56: 3 | B56: FALTAS LEGAIS (4) | H56: 0.012123 | I56: =$I$39*H56 -> 9.4321899
A57: 4 | B57: LICENÇA MATERNIDADE | H57: 0.011436 | I57: =$I$39*H57 -> 8.8976758
A58: 5 | B58: LICENÇA PATERNIDADE | H58: 0.000174 | I58: =$I$39*H58 -> 0.13537912
A59: 6 | B59: ACIDENTE DE TRABALHO | H59: 0.000442 | I59: =$I$39*H59 -> 0.34389408
A60: 7 | B60: AVISO PRÉVIO TRABALHADO | H60: 0.000185 | I60: =$I$39*H60 -> 0.14393757
A61: 8 | B61: 13º SALÁRIO | H61: 0.09079 | I61: =$I$39*H61 -> 70.638334
A62: Total do Grupo III | H62: =SUM(H54:H61) -> 0.254943 | I62: =SUM(I54:I61) -> 198.35608
A63: (3) | B63: Faltas Justificadas por Auxílio Doença
A64: (4) | B64: Faltas Legais - Art. 473 CLT
A65: IV | B65: Encargos Sociais - Grupo IV: Indenizações | H65: % | I65: Valor Mensal/unidade de serviço (R$)
A66: 1 | B66: INDENIZAÇÕES | H66: 0.023627 | I66: =$I$39*H66 -> 18.382773
A67: 2 | B67: FGTS SOBRE INDENIZAÇÕES | H67: 0.001717 | I67: =$I$39*H67 -> 1.3358962
A68: 3 | B68: INDENIZAÇÃO COMPENSATÓRIA POR DEMISSÃO SEM JUSTA CAUSA | H68: 0.009451 | I68: =$I$39*H68 -> 7.3532646
A69: Total do Grupo IV | H69: =SUM(H66:H68) -> 0.034795 | I69: =SUM(I66:I68) -> 27.071933
A71: V | B71: Encargos Sociais - Grupo V: Incidências | H71: % | I71: Valor Mensal/unidade de serviço (R$)
A72: 1 | B72: INCIDÊNCIA GRUPO II (Obrigações Sociais) X GRUPO III (Tempo Não Trabalhado) | H72: =(H50*H62) -> 0.078522444 | I72: =$I$39*H72 -> 61.093674
A73: Total do Grupo V | H73: =SUM(H72:H72) -> 0.078522444 | I73: =I72 -> 61.093674
A75: TOTAL DOS ENCAGOS SOCIAIS (II + III + IV + V) | H75: =H50+H62+H69+H73 -> 0.67626044 | I75: =I50+I62+I69+I73 -> 526.15829
A77: VI | B77: Demais custos relativos à Norma Coletiva ou Disposições Legais - Grupo VI | H77: % | I77: Valor Mensal/unidade de serviço (R$)
A78: 1 | B78: Auxílio Alimentação | H78: =I78/$I$39 -> 0.20564471 | I78: =I95 -> 160
A79: 2 | B79: Auxílio Lanche | H79: =I79/$I$39 -> 0 | I79: =I91 -> 0
A80: 3 | B80: Vale-Transporte⁽⁵⁾ | H80: =I80/$I$39 -> 0.22276148 | I80: =I87 -> 173.31755
A81: 4 | B81: Adicional Intervalar | H81: =I81/$I$39 -> 0 | I81: =IF(I25="Não aplicável",0,((I9/H9)*1.5*I25)) -> 0
A82: 5 | B82: Outros | H82: =I82/$I$39 -> 0 | I82: 0
A83: Total do Grupo VI | H83: =SUM(H78:H82) -> 0.4284062 | I83: =SUM(I78:I82) -> 333.31755
A84: (5) | B84: O valor do vale-transporte pode variar de acordo com o modal fornecido pelo empregador.
A85: MEMÓRIA DE CÁLCULO DO VALE TRANSPORTE
A86: Valor Unitário | C86: Dias de Trabalho | D86: Vale p/dia | E86: Custo total | F86: Base de cálculo | G86: Percentual de desconto | H86: Valor desconto | I86: Custo efetivo
A87: =I11 -> 5 | C87: =I12 -> 22 | D87: 2 | E87: =A87*C87*D87 -> 220 | F87: =I30 -> 778.04091 | G87: =I13 -> 0.06 | H87: =F87*G87 -> 46.682455 | I87: =IF((E87-H87)>0,E87-H87,0) -> 173.31755
A89: MEMÓRIA DE CÁLCULO DO VALE LANCHE
A90: Valor Unitário | C90: Dias por mês | D90: Vale p/dia | E90: Custo total | F90: Base de cálculo | G90: Percentual de desconto | H90: Valor desconto | I90: Custo efetivo
A91: =I17 -> 0 | C91: =I18 -> 0 | D91: 1 | E91: =A91*C91*D91 -> 0 | F91: =E91 -> 0 | G91: =I19 -> 0 | H91: =F91*G91 -> 0 | I91: =E91-H91 -> 0
A93: MEMÓRIA DE CÁLCULO DO | F93: =A14 -> Auxílio Alimentação
A94: Valor Unitário | C94: Dias por mês | D94: Vale p/dia | E94: Custo total | F94: Base de cálculo | G94: Percentual de desconto | H94: =H86 -> Valor desconto | I94: Custo efetivo
A95: =I14 -> 200 | C95: =I15 -> 1 | D95: 1 | E95: =A95*C95*D95 -> 200 | F95: =E95 -> 200 | G95: =I16 -> 0.2 | H95: =F95*G95 -> 40 | I95: =E95-H95 -> 160
A97: TOTAL DO MONTANTE A (I + II + III+ IV + V +VI) | H97: =H39+H75+H83 -> 2.1046666 | I97: =I39+I75+I83 -> 1637.5167
A99: MONTANTE B
A100: I | B100: Despesas Diretas | H100: % | I100: Valor Mensal/unidade de serviço (R$)
A101: 1 | B101: Transporte (6) | H101: =I101/$I$112 -> 0 | I101: 0
A102: 2 | B102: Uniformes/EPI (6a) | H102: =I102/$I$112 -> 0 | I102: 0
A103: 3 | B103: Seguro de vida | H103: =I103/$I$112 -> 0 | I103: 0
A104: 4 | B104: Materiais/Equipamentos | H104: =I104/$I$112 -> 0 | I104: =IF(F110=20%,G110,0) -> 0
A105: 5 | B105: Mobilização (7) | H105: =I105/$I$112 -> 0 | I105: 0
A106: 6 | B106: Outros | H106: =I106/$I$112 -> 0 | I106: 0
A107: Total de Despesas Diretas | H107: =H101+H102+H103+H104+H105+H106 -> 0 | I107: =SUM(I101:I106) -> 0
B108: (6) Somente será preenchido quando o licitante fornecer transporte próprio (6a) EPI - Equipamento de Proteção Individual (7) Tais custos de mobilização não são renováveis, devendo ser eliminados após o primeiro ano de contrato caso haja prorrogação
A110: LIMITE QUADRO I (Despesas Diretas) sobre Montante A (exceto Vale-transporte), conforme alíneas "b.2" e "b.3", Inc. II, art. 7º, do Decreto 52.768/2015, alterado pelo Decreto 53.424/2017: 10% SEM MATERIAIS/EQUIPAMENTOS; 20% COM MATERIAIS/EQUIPAMENTOS | F110: =I26 -> 0.1 | G110: =I112*F110 -> 146.41992 | H110: Dedução Vale Transporte | I110: =I80 -> 173.31755
...

Sheet Canoas
A1: PLANILHA DE CUSTOS E FORMAÇÃO DE PREÇOS DE SERVIÇOS CONTINUADOS COM DEDICAÇÃO EXCLUSIVA DE MÃO DE OBRA (ANEXO III - DECRETO 52.768 de 15.12.2015)
A2: PROCESSO: | C2: 24/2100-0000042-7 | E2: REGIME DE TRIBUTAÇÃO: LUCRO PRESUMIDO
A3: LICITAÇÃO/EDITAL | E3: ABERTURA:
A4: Cargo/Função: | D4: Jovem Aprendiz | G4: =IF(D5="12x36","Regime de trabalho:","Quantidade de HORAS/MÊS") -> Quantidade de HORAS/MÊS | I4: =IF(D5="12x36",D5,5*D5) -> 100
A5: =IF(D5="12x36","Regime de trabalho:","Regime de trabalho (horas semanais):") -> Regime de trabalho (horas semanais): | D5: 20
A6: Convenção Coletiva de Trabalho: | D6: -- | G6: INSALUBRIDADE (10%, 20%, 40%) | I6: Não aplicável
A7: Origem do salário: | D7: Lei Estadual nº 16.040/2023 - Categoria IV
A8: Cidade: | D8: Canoas | G8: PERICULOSIDADE (30%) | I8: Não aplicável
A9: Salário Normativo | G9: Vlr. do salário e nº de horas correspondentes | H9: 220 | I9: 1711.69
A10: ISS | G10: =D8 -> Canoas | H10: Alíquota | I10: 0
A11: Tarifa Transporte | G11: CCT | H11: Vr. Unitário | I11: 4.8
H12: Dias | I12: 22
H13: Desconto | I13: 0.06
A14: Auxílio Alimentação | G14: CCT | H14: Vr. Unitário | I14: 200
H15: Mês | I15: 1
H16: Desconto | I16: 0.2
A17: Auxílio Lanche | G17: CCT | H17: Vr. Unitário | I17: 0
H18: Dias | I18: 0
H19: Desconto | I19: 0
A20: Despesas Atividades Teóricas | G20: CCT | H20: Valor mensal | I20: 428.1
A21: Adicional de Supervisor (37%) | H21: Porcentagem | I21: Não aplicável
A22: Base de cálculo da insalubridade | H22: Valor | I22: Não aplicável
A23: Quantitativo de horas trabalhadas em feriados no mês (estimado) - Não aplicável para postos 12x36 | H23: Horas por mês | I23: Não aplicável
H24: Acréscimo da hora extra | I24: Não aplicável
A25: Hora Intervalar (somente para postos 12x36, quando for o caso) | H25: Horas por mês | I25: Não aplicável
A26: Sem fornecimento de materiais ou apenas fornecimento de EPIs ou uniformes, utilizar 10%. Com fornecimento de materiais ou equipamentos, utilizar 20%. (Decreto 52.768/2015, alterado pelo Decreto 53.424/2017) | H26: Porcentagem | I26: 0.1
A28: MONTANTE A
A29: I | B29: Remuneração - Grupo I | H29: % | I29: Valor Mensal/unidade de serviço (R$)
A30: 1 | B30: Salário | H30: =I30/$I$39 -> 1 | I30: =IF(D5="12x36",I9,I9/H9*I4) -> 778.04091
A31: =A30+1 -> 2 | B31: Adicional Periculosidade 30% (Ver súmulas 364, 132 e 191 do TST) | H31: =I31/$I$39 -> 0 | I31: =IF(I8=30%,I30*I8,0) -> 0
A32: =A31+1 -> 3 | B32: Adicional Insalubridade 10% (Ver súmula 228 e 139 TST) | H32: =I32/$I$39 -> 0 | I32: =IF(I6=10%,I22*I6,0) -> 0
A33: =A32+1 -> 4 | B33: Adicional Insalubridade 20% (Ver súmula 228 e 139 TST) | H33: =I33/$I$39 -> 0 | I33: =IF(I6=20%,I22*I6,0) -> 0
A34: =A33+1 -> 5 | B34: Adicional Insalubridade 40% (Ver súmula 228 e 139 TST) | H34: =I34/$I$39 -> 0 | I34: =IF(I6=40%,I22*I6,0) -> 0
A35: =A34+1 -> 6 | B35: Adicional de Supervisor (IN 05/2017 MPOG SLTI) | H35: =I35/$I$39 -> 0 | I35: =IF(I21="Não aplicável",0,I30*I21) -> 0
A36: =A35+1 -> 7 | B36: Feriados | H36: =I36/$I$39 -> 0 | I36: =IF(I23="Não aplicável",0,(I30+I31+I32+I33+I34+I35+I38)/I4*I23*(1+I24)) -> 0
A37: =A36+1 -> 8 | B37: DSR = número total das horas extras do mês / número de dias úteis X domingos e feriados do mês X valor da hora extra com acréscimo | H37: =I37/$I$39 -> 0 | I37: =IF(I23="Não aplicável",0,I23/I12*5*(I9/H9*(1+I24))) -> 0
A38: =A37+1 -> 9 | B38: =IF(D5="12x36","Para postos 12x36 os feriados são considerados compensados, conforme parágrafo único, Art. 59-A da CLT","Outros") -> Outros | H38: =I38/$I$39 -> 0 | I38: 0
A39: Total de Remuneração | H39: =SUM(H30:H38) -> 1 | I39: =SUM(I30:I38) -> 778.04091
A41: II | B41: Encargos Sociais - Grupo II: Obrigações Sociais | H41: % | I41: Valor Mensal/unidade de serviço (R$)
A42: 1 | B42: INSS (art. 22, inc. I, Lei nº 8.212/91) | H42: 0.2 | I42: =$I$39*H42 -> 155.60818
A43: 2 | B43: SESI ou SESC (art. 30, Lei nº 8.036/90) | H43: 0.015 | I43: =$I$39*H43 -> 11.670614
A44: 3 | B44: SENAI ou SENAC (Decreto-Lei nº 2.318/86) | H44: 0.01 | I44: =$I$39*H44 -> 7.7804091
A45: 4 | B45: INCRA (art. 15I, Lei Complementar nº 011/71) | H45: 0.002 | I45: =$I$39*H45 -> 1.5560818
A46: 5 | B46: SALÁRIO EDUCAÇÃO (art. , inc. I, Decreto nº 87.043/82) | H46: 0.025 | I46: =$I$39*H46 -> 19.451023
A47: 6 | B47: FGTS (art. 15, Lei nº 8.036/90) | H47: 0.02 | I47: =$I$39*H47 -> 15.560818
A48: 7 | B48: SEG. ACIDENTE DO TRABALHO 1%, 2% e 3% (art. 22, inc. II, alíneas "b" e "c", da Lei nº 8.212/91) | H48: 0.03 | I48: =$I$39*H48 -> 23.341227
A49: 8 | B49: SEBRAE (§ 3º, art. 8º, Lei nº 8.029/90) | H49: 0.006 | I49: =$I$39*H49 -> 4.6682455
A50: Total do Grupo II | H50: =SUM(H42:H49) -> 0.308 | I50: =SUM(I42:I49) -> 239.6366
A51: Os percentuais para o SAT podem variar de 0,50% a 6,00% em função do Fator de Acidente Previdenciário (FAP), Decreto nº 6.957/2009
A52: Deverá obrigatoriamente acompanhar a proposta de preços e a planilha de custos e formação de preços a prova do Fator Acidentário de Prevenção – FAP por meio de impressão de consulta ao site do Ministério da Previdência Social (que pode ser obtido no endereço eletrônico http://www2.dataprev.gov.br/fap/fap.htm), independentemente de alteração da alíquota da parcela do Seguro Acidente de Trabalho disposta no Quadro II da referida planilha.
A53: III | B53: Encargos Sociais - Grupo III: Tempo Não Trabalhado | H53: % | I53: Valor Mensal/unidade de serviço (R$)
A54: 1 | B54: FÉRIAS GOZADAS + ADICIONAL DE FÉRIAS | H54: 0.119314 | I54: =$I$39*H54 -> 92.831173
A55: 2 | B55: FALTAS ABONADAS (3) | H55: 0.020479 | I55: =$I$39*H55 -> 15.9335
A56: 3 | B56: FALTAS LEGAIS (4) | H56: 0.012123 | I56: =$I$39*H56 -> 9.4321899
A57: 4 | B57: LICENÇA MATERNIDADE | H57: 0.011436 | I57: =$I$39*H57 -> 8.8976758
A58: 5 | B58: LICENÇA PATERNIDADE | H58: 0.000174 | I58: =$I$39*H58 -> 0.13537912
A59: 6 | B59: ACIDENTE DE TRABALHO | H59: 0.000442 | I59: =$I$39*H59 -> 0.34389408
A60: 7 | B60: AVISO PRÉVIO TRABALHADO | H60: 0.000185 | I60: =$I$39*H60 -> 0.14393757
A61: 8 | B61: 13º SALÁRIO | H61: 0.09079 | I61: =$I$39*H61 -> 70.638334
A62: Total do Grupo III | H62: =SUM(H54:H61) -> 0.254943 | I62: =SUM(I54:I61) -> 198.35608
A63: (3) | B63: Faltas Justificadas por Auxílio Doença
A64: (4) | B64: Faltas Legais - Art. 473 CLT
A65: IV | B65: Encargos Sociais - Grupo IV: Indenizações | H65: % | I65: Valor Mensal/unidade de serviço (R$)
A66: 1 | B66: INDENIZAÇÕES | H66: 0.023627 | I66: =$I$39*H66 -> 18.382773
A67: 2 | B67: FGTS SOBRE INDENIZAÇÕES | H67: 0.001717 | I67: =$I$39*H67 -> 1.3358962
A68: 3 | B68: INDENIZAÇÃO COMPENSATÓRIA POR DEMISSÃO SEM JUSTA CAUSA | H68: 0.009451 | I68: =$I$39*H68 -> 7.3532646
A69: Total do Grupo IV | H69: =SUM(H66:H68) -> 0.034795 | I69: =SUM(I66:I68) -> 27.071933
A71: V | B71: Encargos Sociais - Grupo V: Incidências | H71: % | I71: Valor Mensal/unidade de serviço (R$)
A72: 1 | B72: INCIDÊNCIA GRUPO II (Obrigações Sociais) X GRUPO III (Tempo Não Trabalhado) | H72: =(H50*H62) -> 0.078522444 | I72: =$I$39*H72 -> 61.093674
A73: Total do Grupo V | H73: =SUM(H72:H72) -> 0.078522444 | I73: =I72 -> 61.093674
A75: TOTAL DOS ENCAGOS SOCIAIS (II + III + IV + V) | H75: =H50+H62+H69+H73 -> 0.67626044 | I75: =I50+I62+I69+I73 -> 526.15829
A77: VI | B77: Demais custos relativos à Norma Coletiva ou Disposições Legais - Grupo VI | H77: % | I77: Valor Mensal/unidade de serviço (R$)
A78: 1 | B78: Auxílio Alimentação | H78: =I78/$I$39 -> 0.20564471 | I78: =I95 -> 160
A79: 2 | B79: Auxílio Lanche | H79: =I79/$I$39 -> 0 | I79: =I91 -> 0
A80: 3 | B80: Vale-Transporte⁽⁵⁾ | H80: =I80/$I$39 -> 0.21145102 | I80: =I87 -> 164.51755
A81: 4 | B81: Adicional Intervalar | H81: =I81/$I$39 -> 0 | I81: =IF(I25="Não aplicável",0,((I9/H9)*1.5*I25)) -> 0
A82: 5 | B82: Outros | H82: =I82/$I$39 -> 0 | I82: 0
A83: Total do Grupo VI | H83: =SUM(H78:H82) -> 0.41709574 | I83: =SUM(I78:I82) -> 324.51755
A84: (5) | B84: O valor do vale-transporte pode variar de acordo com o modal fornecido pelo empregador.
A85: MEMÓRIA DE CÁLCULO DO VALE TRANSPORTE
A86: Valor Unitário | C86: Dias de Trabalho | D86: Vale p/dia | E86: Custo total | F86: Base de cálculo | G86: Percentual de desconto | H86: Valor desconto | I86: Custo efetivo
A87: =I11 -> 4.8 | C87: =I12 -> 22 | D87: 2 | E87: =A87*C87*D87 -> 211.2 | F87: =I30 -> 778.04091 | G87: =I13 -> 0.06 | H87: =F87*G87 -> 46.682455 | I87: =IF((E87-H87)>0,E87-H87,0) -> 164.51755
A89: MEMÓRIA DE CÁLCULO DO VALE LANCHE
A90: Valor Unitário | C90: Dias por mês | D90: Vale p/dia | E90: Custo total | F90: Base de cálculo | G90: Percentual de desconto | H90: Valor desconto | I90: Custo efetivo
A91: =I17 -> 0 | C91: =I18 -> 0 | D91: 1 | E91: =A91*C91*D91 -> 0 | F91: =E91 -> 0 | G91: =I19 -> 0 | H91: =F91*G91 -> 0 | I91: =E91-H91 -> 0
A93: MEMÓRIA DE CÁLCULO DO | F93: =A14 -> Auxílio Alimentação
A94: Valor Unitário | C94: Dias por mês | D94: Vale p/dia | E94: Custo total | F94: Base de cálculo | G94: Percentual de desconto | H94: =H86 -> Valor desconto | I94: Custo efetivo
A95: =I14 -> 200 | C95: =I15 -> 1 | D95: 1 | E95: =A95*C95*D95 -> 200 | F95: =E95 -> 200 | G95: =I16 -> 0.2 | H95: =F95*G95 -> 40 | I95: =E95-H95 -> 160
A97: TOTAL DO MONTANTE A (I + II + III+ IV + V +VI) | H97: =H39+H75+H83 -> 2.0933562 | I97: =I39+I75+I83 -> 1628.7167
A99: MONTANTE B
A100: I | B100: Despesas Diretas | H100: % | I100: Valor Mensal/unidade de serviço (R$)
A101: 1 | B101: Transporte (6) | H101: =I101/$I$112 -> 0 | I101: 0
A102: 2 | B102: Uniformes/EPI (6a) | H102: =I102/$I$112 -> 0 | I102: 0
A103: 3 | B103: Seguro de vida | H103: =I103/$I$112 -> 0 | I103: 0
A104: 4 | B104: Materiais/Equipamentos | H104: =I104/$I$112 -> 0 | I104: =IF(F110=20%,G110,0) -> 0
A105: 5 | B105: Mobilização (7) | H105: =I105/$I$112 -> 0 | I105: 0
A106: 6 | B106: Outros | H106: =I106/$I$112 -> 0 | I106: 0
A107: Total de Despesas Diretas | H107: =H101+H102+H103+H104+H105+H106 -> 0 | I107: =SUM(I101:I106) -> 0
B108: (6) Somente será preenchido quando o licitante fornecer transporte próprio (6a) EPI - Equipamento de Proteção Individual (7) Tais custos de mobilização não são renováveis, devendo ser eliminados após o primeiro ano de contrato caso haja prorrogação
A110: LIMITE QUADRO I (Despesas Diretas) sobre Montante A (exceto Vale-transporte), conforme alíneas "b.2" e "b.3", Inc. II, art. 7º, do Decreto 52.768/2015, alterado pelo Decreto 53.424/2017: 10% SEM MATERIAIS/EQUIPAMENTOS; 20% COM MATERIAIS/EQUIPAMENTOS | F110: =I26 -> 0.1 | G110: =I112*F110 -> 146.41992 | H110: Dedução Vale Transporte | I110: =I80 -> 164.51755
...

Sheet Caxias do Sul
A1: PLANILHA DE CUSTOS E FORMAÇÃO DE PREÇOS DE SERVIÇOS CONTINUADOS COM DEDICAÇÃO EXCLUSIVA DE MÃO DE OBRA (ANEXO III - DECRETO 52.768 de 15.12.2015)
A2: PROCESSO: | C2: 24/2100-0000042-7 | E2: REGIME DE TRIBUTAÇÃO: LUCRO PRESUMIDO
A3: LICITAÇÃO/EDITAL | E3: ABERTURA:
A4: Cargo/Função: | D4: Jovem Aprendiz | G4: =IF(D5="12x36","Regime de trabalho:","Quantidade de HORAS/MÊS") -> Quantidade de HORAS/MÊS | I4: =IF(D5="12x36",D5,5*D5) -> 100
A5: =IF(D5="12x36","Regime de trabalho:","Regime de trabalho (horas semanais):") -> Regime de trabalho (horas semanais): | D5: 20
A6: Convenção Coletiva de Trabalho: | D6: -- | G6: INSALUBRIDADE (10%, 20%, 40%) | I6: Não aplicável
A7: Origem do salário: | D7: Lei Estadual nº 16.040/2023 - Categoria IV
A8: Cidade: | D8: Caxias do Sul | G8: PERICULOSIDADE (30%) | I8: Não aplicável
A9: Salário Normativo | G9: Vlr. do salário e nº de horas correspondentes | H9: 220 | I9: 1711.69
A10: ISS | G10: =D8 -> Caxias do Sul | H10: Alíquota | I10: 0
A11: Tarifa Transporte | G11: CCT | H11: Vr. Unitário | I11: 6.1
H12: Dias | I12: 22
H13: Desconto | I13: 0.06
A14: Auxílio Alimentação | G14: CCT | H14: Vr. Unitário | I14: 200
H15: Mês | I15: 1
H16: Desconto | I16: 0.2
A17: Auxílio Lanche | G17: CCT | H17: Vr. Unitário | I17: 0
H18: Dias | I18: 0
H19: Desconto | I19: 0
A20: Despesas Atividades Teóricas | G20: CCT | H20: Valor mensal | I20: 428.1
A21: Adicional de Supervisor (37%) | H21: Porcentagem | I21: Não aplicável
A22: Base de cálculo da insalubridade | H22: Valor | I22: Não aplicável
A23: Quantitativo de horas trabalhadas em feriados no mês (estimado) - Não aplicável para postos 12x36 | H23: Horas por mês | I23: Não aplicável
H24: Acréscimo da hora extra | I24: Não aplicável
A25: Hora Intervalar (somente para postos 12x36, quando for o caso) | H25: Horas por mês | I25: Não aplicável
A26: Sem fornecimento de materiais ou apenas fornecimento de EPIs ou uniformes, utilizar 10%. Com fornecimento de materiais ou equipamentos, utilizar 20%. (Decreto 52.768/2015, alterado pelo Decreto 53.424/2017) | H26: Porcentagem | I26: 0.1
A28: MONTANTE A
A29: I | B29: Remuneração - Grupo I | H29: % | I29: Valor Mensal/unidade de serviço (R$)
A30: 1 | B30: Salário | H30: =I30/$I$39 -> 1 | I30: =IF(D5="12x36",I9,I9/H9*I4) -> 778.04091
A31: =A30+1 -> 2 | B31: Adicional Periculosidade 30% (Ver súmulas 364, 132 e 191 do TST) | H31: =I31/$I$39 -> 0 | I31: =IF(I8=30%,I30*I8,0) -> 0
A32: =A31+1 -> 3 | B32: Adicional Insalubridade 10% (Ver súmula 228 e 139 TST) | H32: =I32/$I$39 -> 0 | I32: =IF(I6=10%,I22*I6,0) -> 0
A33: =A32+1 -> 4 | B33: Adicional Insalubridade 20% (Ver súmula 228 e 139 TST) | H33: =I33/$I$39 -> 0 | I33: =IF(I6=20%,I22*I6,0) -> 0
A34: =A33+1 -> 5 | B34: Adicional Insalubridade 40% (Ver súmula 228 e 139 TST) | H34: =I34/$I$39 -> 0 | I34: =IF(I6=40%,I22*I6,0) -> 0
A35: =A34+1 -> 6 | B35: Adicional de Supervisor (IN 05/2017 MPOG SLTI) | H35: =I35/$I$39 -> 0 | I35: =IF(I21="Não aplicável",0,I30*I21) -> 0
A36: =A35+1 -> 7 | B36: Feriados | H36: =I36/$I$39 -> 0 | I36: =IF(I23="Não aplicável",0,(I30+I31+I32+I33+I34+I35+I38)/I4*I23*(1+I24)) -> 0
A37: =A36+1 -> 8 | B37: DSR = número total das horas extras do mês / número de dias úteis X domingos e feriados do mês X valor da hora extra com acréscimo | H37: =I37/$I$39 -> 0 | I37: =IF(I23="Não aplicável",0,I23/I12*5*(I9/H9*(1+I24))) -> 0
A38: =A37+1 -> 9 | B38: =IF(D5="12x36","Para postos 12x36 os feriados são considerados compensados, conforme parágrafo único, Art. 59-A da CLT","Outros") -> Outros | H38: =I38/$I$39 -> 0 | I38: 0
A39: Total de Remuneração | H39: =SUM(H30:H38) -> 1 | I39: =SUM(I30:I38) -> 778.04091
A41: II | B41: Encargos Sociais - Grupo II: Obrigações Sociais | H41: % | I41: Valor Mensal/unidade de serviço (R$)
A42: 1 | B42: INSS (art. 22, inc. I, Lei nº 8.212/91) | H42: 0.2 | I42: =$I$39*H42 -> 155.60818
A43: 2 | B43: SESI ou SESC (art. 30, Lei nº 8.036/90) | H43: 0.015 | I43: =$I$39*H43 -> 11.670614
A44: 3 | B44: SENAI ou SENAC (Decreto-Lei nº 2.318/86) | H44: 0.01 | I44: =$I$39*H44 -> 7.7804091
A45: 4 | B45: INCRA (art. 15I, Lei Complementar nº 011/71) | H45: 0.002 | I45: =$I$39*H45 -> 1.5560818
A46: 5 | B46: SALÁRIO EDUCAÇÃO (art. , inc. I, Decreto nº 87.043/82) | H46: 0.025 | I46: =$I$39*H46 -> 19.451023
A47: 6 | B47: FGTS (art. 15, Lei nº 8.036/90) | H47: 0.02 | I47: =$I$39*H47 -> 15.560818
A48: 7 | B48: SEG. ACIDENTE DO TRABALHO 1%, 2% e 3% (art. 22, inc. II, alíneas "b" e "c", da Lei nº 8.212/91) | H48: 0.03 | I48: =$I$39*H48 -> 23.341227
A49: 8 | B49: SEBRAE (§ 3º, art. 8º, Lei nº 8.029/90) | H49: 0.006 | I49: =$I$39*H49 -> 4.6682455
A50: Total do Grupo II | H50: =SUM(H42:H49) -> 0.308 | I50: =SUM(I42:I49) -> 239.6366
A51: Os percentuais para o SAT podem variar de 0,50% a 6,00% em função do Fator de Acidente Previdenciário (FAP), Decreto nº 6.957/2009
A52: Deverá obrigatoriamente acompanhar a proposta de preços e a planilha de custos e formação de preços a prova do Fator Acidentário de Prevenção – FAP por meio de impressão de consulta ao site do Ministério da Previdência Social (que pode ser obtido no endereço eletrônico http://www2.dataprev.gov.br/fap/fap.htm), independentemente de alteração da alíquota da parcela do Seguro Acidente de Trabalho disposta no Quadro II da referida planilha.
A53: III | B53: Encargos Sociais - Grupo III: Tempo Não Trabalhado | H53: % | I53: Valor Mensal/unidade de serviço (R$)
A54: 1 | B54: FÉRIAS GOZADAS + ADICIONAL DE FÉRIAS | H54: 0.119314 | I54: =$I$39*H54 -> 92.831173
A55: 2 | B55: FALTAS ABONADAS (3) | H55: 0.020479 | I55: =$I$39*H55 -> 15.9335
A56: 3 | B56: FALTAS LEGAIS (4) | H56: 0.012123 | I56: =$I$39*H56 -> 9.4321899
A57: 4 | B57: LICENÇA MATERNIDADE | H57: 0.011436 | I57: =$I$39*H57 -> 8.8976758
A58: 5 | B58: LICENÇA PATERNIDADE | H58: 0.000174 | I58: =$I$39*H58 -> 0.13537912
A59: 6 | B59: ACIDENTE DE TRABALHO | H59: 0.000442 | I59: =$I$39*H59 -> 0.34389408
A60: 7 | B60: AVISO PRÉVIO TRABALHADO | H60: 0.000185 | I60: =$I$39*H60 -> 0.14393757
A61: 8 | B61: 13º SALÁRIO | H61: 0.09079 | I61: =$I$39*H61 -> 70.638334
A62: Total do Grupo III | H62: =SUM(H54:H61) -> 0.254943 | I62: =SUM(I54:I61) -> 198.35608
A63: (3) | B63: Faltas Justificadas por Auxílio Doença
A64: (4) | B64: Faltas Legais - Art. 473 CLT
A65: IV | B65: Encargos Sociais - Grupo IV: Indenizações | H65: % | I65: Valor Mensal/unidade de serviço (R$)
A66: 1 | B66: INDENIZAÇÕES | H66: 0.023627 | I66: =$I$39*H66 -> 18.382773
A67: 2 | B67: FGTS SOBRE INDENIZAÇÕES | H67: 0.001717 | I67: =$I$39*H67 -> 1.3358962
A68: 3 | B68: INDENIZAÇÃO COMPENSATÓRIA POR DEMISSÃO SEM JUSTA CAUSA | H68: 0.009451 | I68: =$I$39*H68 -> 7.3532646
A69: Total do Grupo IV | H69: =SUM(H66:H68) -> 0.034795 | I69: =SUM(I66:I68) -> 27.071933
A71: V | B71: Encargos Sociais - Grupo V: Incidências | H71: % | I71: Valor Mensal/unidade de serviço (R$)
A72: 1 | B72: INCIDÊNCIA GRUPO II (Obrigações Sociais) X GRUPO III (Tempo Não Trabalhado) | H72: =(H50*H62) -> 0.078522444 | I72: =$I$39*H72 -> 61.093674
A73: Total do Grupo V | H73: =SUM(H72:H72) -> 0.078522444 | I73: =I72 -> 61.093674
A75: TOTAL DOS ENCAGOS SOCIAIS (II + III + IV + V) | H75: =H50+H62+H69+H73 -> 0.67626044 | I75: =I50+I62+I69+I73 -> 526.15829
A77: VI | B77: Demais custos relativos à Norma Coletiva ou Disposições Legais - Grupo VI | H77: % | I77: Valor Mensal/unidade de serviço (R$)
A78: 1 | B78: Auxílio Alimentação | H78: =I78/$I$39 -> 0.20564471 | I78: =I95 -> 160
A79: 2 | B79: Auxílio Lanche | H79: =I79/$I$39 -> 0 | I79: =I91 -> 0
A80: 3 | B80: Vale-Transporte⁽⁵⁾ | H80: =I80/$I$39 -> 0.28496901 | I80: =I87 -> 221.71755
A81: 4 | B81: Adicional Intervalar | H81: =I81/$I$39 -> 0 | I81: =IF(I25="Não aplicável",0,((I9/H9)*1.5*I25)) -> 0
A82: 5 | B82: Outros | H82: =I82/$I$39 -> 0 | I82: 0
A83: Total do Grupo VI | H83: =SUM(H78:H82) -> 0.49061372 | I83: =SUM(I78:I82) -> 381.71755
A84: (5) | B84: O valor do vale-transporte pode variar de acordo com o modal fornecido pelo empregador.
A85: MEMÓRIA DE CÁLCULO DO VALE TRANSPORTE
A86: Valor Unitário | C86: Dias de Trabalho | D86: Vale p/dia | E86: Custo total | F86: Base de cálculo | G86: Percentual de desconto | H86: Valor desconto | I86: Custo efetivo
A87: =I11 -> 6.1 | C87: =I12 -> 22 | D87: 2 | E87: =A87*C87*D87 -> 268.4 | F87: =I30 -> 778.04091 | G87: =I13 -> 0.06 | H87: =F87*G87 -> 46.682455 | I87: =IF((E87-H87)>0,E87-H87,0) -> 221.71755
A89: MEMÓRIA DE CÁLCULO DO VALE LANCHE
A90: Valor Unitário | C90: Dias por mês | D90: Vale p/dia | E90: Custo total | F90: Base de cálculo | G90: Percentual de desconto | H90: Valor desconto | I90: Custo efetivo
A91: =I17 -> 0 | C91: =I18 -> 0 | D91: 1 | E91: =A91*C91*D91 -> 0 | F91: =E91 -> 0 | G91: =I19 -> 0 | H91: =F91*G91 -> 0 | I91: =E91-H91 -> 0
A93: MEMÓRIA DE CÁLCULO DO | F93: =A14 -> Auxílio Alimentação
A94: Valor Unitário | C94: Dias por mês | D94: Vale p/dia | E94: Custo total | F94: Base de cálculo | G94: Percentual de desconto | H94: =H86 -> Valor desconto | I94: Custo efetivo
A95: =I14 -> 200 | C95: =I15 -> 1 | D95: 1 | E95: =A95*C95*D95 -> 200 | F95: =E95 -> 200 | G95: =I16 -> 0.2 | H95: =F95*G95 -> 40 | I95: =E95-H95 -> 160
A97: TOTAL DO MONTANTE A (I + II + III+ IV + V +VI) | H97: =H39+H75+H83 -> 2.1668742 | I97: =I39+I75+I83 -> 1685.9167
A99: MONTANTE B
A100: I | B100: Despesas Diretas | H100: % | I100: Valor Mensal/unidade de serviço (R$)
A101: 1 | B101: Transporte (6) | H101: =I101/$I$112 -> 0 | I101: 0
A102: 2 | B102: Uniformes/EPI (6a) | H102: =I102/$I$112 -> 0 | I102: 0
A103: 3 | B103: Seguro de vida | H103: =I103/$I$112 -> 0 | I103: 0
A104: 4 | B104: Materiais/Equipamentos | H104: =I104/$I$112 -> 0 | I104: =IF(F110=20%,G110,0) -> 0
A105: 5 | B105: Mobilização (7) | H105: =I105/$I$112 -> 0 | I105: 0
A106: 6 | B106: Outros | H106: =I106/$I$112 -> 0 | I106: 0
A107: Total de Despesas Diretas | H107: =H101+H102+H103+H104+H105+H106 -> 0 | I107: =SUM(I101:I106) -> 0
B108: (6) Somente será preenchido quando o licitante fornecer transporte próprio (6a) EPI - Equipamento de Proteção Individual (7) Tais custos de mobilização não são renováveis, devendo ser eliminados após o primeiro ano de contrato caso haja prorrogação
A110: LIMITE QUADRO I (Despesas Diretas) sobre Montante A (exceto Vale-transporte), conforme alíneas "b.2" e "b.3", Inc. II, art. 7º, do Decreto 52.768/2015, alterado pelo Decreto 53.424/2017: 10% SEM MATERIAIS/EQUIPAMENTOS; 20% COM MATERIAIS/EQUIPAMENTOS | F110: =I26 -> 0.1 | G110: =I112*F110 -> 146.41992 | H110: Dedução Vale Transporte | I110: =I80 -> 221.71755
...

Sheet Viamão
A1: PLANILHA DE CUSTOS E FORMAÇÃO DE PREÇOS DE SERVIÇOS CONTINUADOS COM DEDICAÇÃO EXCLUSIVA DE MÃO DE OBRA (ANEXO III - DECRETO 52.768 de 15.12.2015)
A2: PROCESSO: | C2: 24/2100-0000042-7 | E2: REGIME DE TRIBUTAÇÃO: LUCRO PRESUMIDO
A3: LICITAÇÃO/EDITAL | E3: ABERTURA:
A4: Cargo/Função: | D4: Jovem Aprendiz | G4: =IF(D5="12x36","Regime de trabalho:","Quantidade de HORAS/MÊS") -> Quantidade de HORAS/MÊS | I4: =IF(D5="12x36",D5,5*D5) -> 100
A5: =IF(D5="12x36","Regime de trabalho:","Regime de trabalho (horas semanais):") -> Regime de trabalho (horas semanais): | D5: 20
A6: Convenção Coletiva de Trabalho: | D6: -- | G6: INSALUBRIDADE (10%, 20%, 40%) | I6: Não aplicável
A7: Origem do salário: | D7: Lei Estadual nº 16.040/2023 - Categoria IV
A8: Cidade: | D8: Viamão | G8: PERICULOSIDADE (30%) | I8: Não aplicável
A9: Salário Normativo | G9: Vlr. do salário e nº de horas correspondentes | H9: 220 | I9: 1711.69
A10: ISS | G10: =D8 -> Viamão | H10: Alíquota | I10: 0
A11: Tarifa Transporte | G11: CCT | H11: Vr. Unitário | I11: 4.25
H12: Dias | I12: 22
H13: Desconto | I13: 0.06
A14: Auxílio Alimentação | G14: CCT | H14: Vr. Unitário | I14: 200
H15: Mês | I15: 1
H16: Desconto | I16: 0.2
A17: Auxílio Lanche | G17: CCT | H17: Vr. Unitário | I17: 0
H18: Dias | I18: 0
H19: Desconto | I19: 0
A20: Despesas Atividades Teóricas | G20: CCT | H20: Valor mensal | I20: 428.1
A21: Adicional de Supervisor (37%) | H21: Porcentagem | I21: Não aplicável
A22: Base de cálculo da insalubridade | H22: Valor | I22: Não aplicável
A23: Quantitativo de horas trabalhadas em feriados no mês (estimado) - Não aplicável para postos 12x36 | H23: Horas por mês | I23: Não aplicável
H24: Acréscimo da hora extra | I24: Não aplicável
A25: Hora Intervalar (somente para postos 12x36, quando for o caso) | H25: Horas por mês | I25: Não aplicável
A26: Sem fornecimento de materiais ou apenas fornecimento de EPIs ou uniformes, utilizar 10%. Com fornecimento de materiais ou equipamentos, utilizar 20%. (Decreto 52.768/2015, alterado pelo Decreto 53.424/2017) | H26: Porcentagem | I26: 0.1
A28: MONTANTE A
A29: I | B29: Remuneração - Grupo I | H29: % | I29: Valor Mensal/unidade de serviço (R$)
A30: 1 | B30: Salário | H30: =I30/$I$39 -> 1 | I30: =IF(D5="12x36",I9,I9/H9*I4) -> 778.04091
A31: =A30+1 -> 2 | B31: Adicional Periculosidade 30% (Ver súmulas 364, 132 e 191 do TST) | H31: =I31/$I$39 -> 0 | I31: =IF(I8=30%,I30*I8,0) -> 0
A32: =A31+1 -> 3 | B32: Adicional Insalubridade 10% (Ver súmula 228 e 139 TST) | H32: =I32/$I$39 -> 0 | I32: =IF(I6=10%,I22*I6,0) -> 0
A33: =A32+1 -> 4 | B33: Adicional Insalubridade 20% (Ver súmula 228 e 139 TST) | H33: =I33/$I$39 -> 0 | I33: =IF(I6=20%,I22*I6,0) -> 0
A34: =A33+1 -> 5 | B34: Adicional Insalubridade 40% (Ver súmula 228 e 139 TST) | H34: =I34/$I$39 -> 0 | I34: =IF(I6=40%,I22*I6,0) -> 0
A35: =A34+1 -> 6 | B35: Adicional de Supervisor (IN 05/2017 MPOG SLTI) | H35: =I35/$I$39 -> 0 | I35: =IF(I21="Não aplicável",0,I30*I21) -> 0
A36: =A35+1 -> 7 | B36: Feriados | H36: =I36/$I$39 -> 0 | I36: =IF(I23="Não aplicável",0,(I30+I31+I32+I33+I34+I35+I38)/I4*I23*(1+I24)) -> 0
A37: =A36+1 -> 8 | B37: DSR = número total das horas extras do mês / número de dias úteis X domingos e feriados do mês X valor da hora extra com acréscimo | H37: =I37/$I$39 -> 0 | I37: =IF(I23="Não aplicável",0,I23/I12*5*(I9/H9*(1+I24))) -> 0
A38: =A37+1 -> 9 | B38: =IF(D5="12x36","Para postos 12x36 os feriados são considerados compensados, conforme parágrafo único, Art. 59-A da CLT","Outros") -> Outros | H38: =I38/$I$39 -> 0 | I38: 0
A39: Total de Remuneração | H39: =SUM(H30:H38) -> 1 | I39: =SUM(I30:I38) -> 778.04091
A41: II | B41: Encargos Sociais - Grupo II: Obrigações Sociais | H41: % | I41: Valor Mensal/unidade de serviço (R$)
A42: 1 | B42: INSS (art. 22, inc. I, Lei nº 8.212/91) | H42: 0.2 | I42: =$I$39*H42 -> 155.60818
A43: 2 | B43: SESI ou SESC (art. 30, Lei nº 8.036/90) | H43: 0.015 | I43: =$I$39*H43 -> 11.670614
A44: 3 | B44: SENAI ou SENAC (Decreto-Lei nº 2.318/86) | H44: 0.01 | I44: =$I$39*H44 -> 7.7804091
A45: 4 | B45: INCRA (art. 15I, Lei Complementar nº 011/71) | H45: 0.002 | I45: =$I$39*H45 -> 1.5560818
A46: 5 | B46: SALÁRIO EDUCAÇÃO (art. , inc. I, Decreto nº 87.043/82) | H46: 0.025 | I46: =$I$39*H46 -> 19.451023
A47: 6 | B47: FGTS (art. 15, Lei nº 8.036/90) | H47: 0.02 | I47: =$I$39*H47 -> 15.560818
A48: 7 | B48: SEG. ACIDENTE DO TRABALHO 1%, 2% e 3% (art. 22, inc. II, alíneas "b" e "c", da Lei nº 8.212/91) | H48: 0.03 | I48: =$I$39*H48 -> 23.341227
A49: 8 | B49: SEBRAE (§ 3º, art. 8º, Lei nº 8.029/90) | H49: 0.006 | I49: =$I$39*H49 -> 4.6682455
A50: Total do Grupo II | H50: =SUM(H42:H49) -> 0.308 | I50: =SUM(I42:I49) -> 239.6366
A51: Os percentuais para o SAT podem variar de 0,50% a 6,00% em função do Fator de Acidente Previdenciário (FAP), Decreto nº 6.957/2009
A52: Deverá obrigatoriamente acompanhar a proposta de preços e a planilha de custos e formação de preços a prova do Fator Acidentário de Prevenção – FAP por meio de impressão de consulta ao site do Ministério da Previdência Social (que pode ser obtido no endereço eletrônico http://www2.dataprev.gov.br/fap/fap.htm), independentemente de alteração da alíquota da parcela do Seguro Acidente de Trabalho disposta no Quadro II da referida planilha.
A53: III | B53: Encargos Sociais - Grupo III: Tempo Não Trabalhado | H53: % | I53: Valor Mensal/unidade de serviço (R$)
A54: 1 | B54: FÉRIAS GOZADAS + ADICIONAL DE FÉRIAS | H54: 0.119314 | I54: =$I$39*H54 -> 92.831173
A55: 2 | B55: FALTAS ABONADAS (3) | H55: 0.020479 | I55: =$I$39*H55 -> 15.9335
A56: 3 | B56: FALTAS LEGAIS (4) | H56: 0.012123 | I56: =$I$39*H56 -> 9.4321899
A57: 4 | B57: LICENÇA MATERNIDADE | H57: 0.011436 | I57: =$I$39*H57 -> 8.8976758
A58: 5 | B58: LICENÇA PATERNIDADE | H58: 0.000174 | I58: =$I$39*H58 -> 0.13537912
A59: 6 | B59: ACIDENTE DE TRABALHO | H59: 0.000442 | I59: =$I$39*H59 -> 0.34389408
A60: 7 | B60: AVISO PRÉVIO TRABALHADO | H60: 0.000185 | I60: =$I$39*H60 -> 0.14393757
A61: 8 | B61: 13º SALÁRIO | H61: 0.09079 | I61: =$I$39*H61 -> 70.638334
A62: Total do Grupo III | H62: =SUM(H54:H61) -> 0.254943 | I62: =SUM(I54:I61) -> 198.35608
A63: (3) | B63: Faltas Justificadas por Auxílio Doença
A64: (4) | B64: Faltas Legais - Art. 473 CLT
A65: IV | B65: Encargos Sociais - Grupo IV: Indenizações | H65: % | I65: Valor Mensal/unidade de serviço (R$)
A66: 1 | B66: INDENIZAÇÕES | H66: 0.023627 | I66: =$I$39*H66 -> 18.382773
A67: 2 | B67: FGTS SOBRE INDENIZAÇÕES | H67: 0.001717 | I67: =$I$39*H67 -> 1.3358962
A68: 3 | B68: INDENIZAÇÃO COMPENSATÓRIA POR DEMISSÃO SEM JUSTA CAUSA | H68: 0.009451 | I68: =$I$39*H68 -> 7.3532646
A69: Total do Grupo IV | H69: =SUM(H66:H68) -> 0.034795 | I69: =SUM(I66:I68) -> 27.071933
A71: V | B71: Encargos Sociais - Grupo V: Incidências | H71: % | I71: Valor Mensal/unidade de serviço (R$)
A72: 1 | B72: INCIDÊNCIA GRUPO II (Obrigações Sociais) X GRUPO III (Tempo Não Trabalhado) | H72: =(H50*H62) -> 0.078522444 | I72: =$I$39*H72 -> 61.093674
A73: Total do Grupo V | H73: =SUM(H72:H72) -> 0.078522444 | I73: =I72 -> 61.093674
A75: TOTAL DOS ENCAGOS SOCIAIS (II + III + IV + V) | H75: =H50+H62+H69+H73 -> 0.67626044 | I75: =I50+I62+I69+I73 -> 526.15829
A77: VI | B77: Demais custos relativos à Norma Coletiva ou Disposições Legais - Grupo VI | H77: % | I77: Valor Mensal/unidade de serviço (R$)
A78: 1 | B78: Auxílio Alimentação | H78: =I78/$I$39 -> 0.20564471 | I78: =I95 -> 160
A79: 2 | B79: Auxílio Lanche | H79: =I79/$I$39 -> 0 | I79: =I91 -> 0
A80: 3 | B80: Vale-Transporte⁽⁵⁾ | H80: =I80/$I$39 -> 0.18034726 | I80: =I87 -> 140.31755
A81: 4 | B81: Adicional Intervalar | H81: =I81/$I$39 -> 0 | I81: =IF(I25="Não aplicável",0,((I9/H9)*1.5*I25)) -> 0
A82: 5 | B82: Outros | H82: =I82/$I$39 -> 0 | I82: 0
A83: Total do Grupo VI | H83: =SUM(H78:H82) -> 0.38599197 | I83: =SUM(I78:I82) -> 300.31755
A84: (5) | B84: O valor do vale-transporte pode variar de acordo com o modal fornecido pelo empregador.
A85: MEMÓRIA DE CÁLCULO DO VALE TRANSPORTE
A86: Valor Unitário | C86: Dias de Trabalho | D86: Vale p/dia | E86: Custo total | F86: Base de cálculo | G86: Percentual de desconto | H86: Valor desconto | I86: Custo efetivo
A87: =I11 -> 4.25 | C87: =I12 -> 22 | D87: 2 | E87: =A87*C87*D87 -> 187 | F87: =I30 -> 778.04091 | G87: =I13 -> 0.06 | H87: =F87*G87 -> 46.682455 | I87: =IF((E87-H87)>0,E87-H87,0) -> 140.31755
A89: MEMÓRIA DE CÁLCULO DO VALE LANCHE
A90: Valor Unitário | C90: Dias por mês | D90: Vale p/dia | E90: Custo total | F90: Base de cálculo | G90: Percentual de desconto | H90: Valor desconto | I90: Custo efetivo
A91: =I17 -> 0 | C91: =I18 -> 0 | D91: 1 | E91: =A91*C91*D91 -> 0 | F91: =E91 -> 0 | G91: =I19 -> 0 | H91: =F91*G91 -> 0 | I91: =E91-H91 -> 0
A93: MEMÓRIA DE CÁLCULO DO | F93: =A14 -> Auxílio Alimentação
A94: Valor Unitário | C94: Dias por mês | D94: Vale p/dia | E94: Custo total | F94: Base de cálculo | G94: Percentual de desconto | H94: =H86 -> Valor desconto | I94: Custo efetivo
A95: =I14 -> 200 | C95: =I15 -> 1 | D95: 1 | E95: =A95*C95*D95 -> 200 | F95: =E95 -> 200 | G95: =I16 -> 0.2 | H95: =F95*G95 -> 40 | I95: =E95-H95 -> 160
A97: TOTAL DO MONTANTE A (I + II + III+ IV + V +VI) | H97: =H39+H75+H83 -> 2.0622524 | I97: =I39+I75+I83 -> 1604.5167
A99: MONTANTE B
A100: I | B100: Despesas Diretas | H100: % | I100: Valor Mensal/unidade de serviço (R$)
A101: 1 | B101: Transporte (6) | H101: =I101/$I$112 -> 0 | I101: 0
A102: 2 | B102: Uniformes/EPI (6a) | H102: =I102/$I$112 -> 0 | I102: 0
A103: 3 | B103: Seguro de vida | H103: =I103/$I$112 -> 0 | I103: 0
A104: 4 | B104: Materiais/Equipamentos | H104: =I104/$I$112 -> 0 | I104: =IF(F110=20%,G110,0) -> 0
A105: 5 | B105: Mobilização (7) | H105: =I105/$I$112 -> 0 | I105: 0
A106: 6 | B106: Outros | H106: =I106/$I$112 -> 0 | I106: 0
A107: Total de Despesas Diretas | H107: =H101+H102+H103+H104+H105+H106 -> 0 | I107: =SUM(I101:I106) -> 0
B108: (6) Somente será preenchido quando o licitante fornecer transporte próprio (6a) EPI - Equipamento de Proteção Individual (7) Tais custos de mobilização não são renováveis, devendo ser eliminados após o primeiro ano de contrato caso haja prorrogação
A110: LIMITE QUADRO I (Despesas Diretas) sobre Montante A (exceto Vale-transporte), conforme alíneas "b.2" e "b.3", Inc. II, art. 7º, do Decreto 52.768/2015, alterado pelo Decreto 53.424/2017: 10% SEM MATERIAIS/EQUIPAMENTOS; 20% COM MATERIAIS/EQUIPAMENTOS | F110: =I26 -> 0.1 | G110: =I112*F110 -> 146.41992 | H110: Dedução Vale Transporte | I110: =I80 -> 140.31755
...

Sheet Porto Alegre
A1: PLANILHA DE CUSTOS E FORMAÇÃO DE PREÇOS DE SERVIÇOS CONTINUADOS COM DEDICAÇÃO EXCLUSIVA DE MÃO DE OBRA (ANEXO III - DECRETO 52.768 de 15.12.2015)
A2: PROCESSO: | C2: 24/2100-0000042-7 | E2: REGIME DE TRIBUTAÇÃO: LUCRO PRESUMIDO
A3: LICITAÇÃO/EDITAL | E3: ABERTURA:
A4: Cargo/Função: | D4: Jovem Aprendiz | G4: =IF(D5="12x36","Regime de trabalho:","Quantidade de HORAS/MÊS") -> Quantidade de HORAS/MÊS | I4: =IF(D5="12x36",D5,5*D5) -> 100
A5: =IF(D5="12x36","Regime de trabalho:","Regime de trabalho (horas semanais):") -> Regime de trabalho (horas semanais): | D5: 20
A6: Convenção Coletiva de Trabalho: | D6: -- | G6: INSALUBRIDADE (10%, 20%, 40%) | I6: Não aplicável
A7: Origem do salário: | D7: Lei Estadual nº 16.040/2023 - Categoria IV
A8: Cidade: | D8: Porto Alegre | G8: PERICULOSIDADE (30%) | I8: Não aplicável
A9: Salário Normativo | G9: Vlr. do salário e nº de horas correspondentes | H9: 220 | I9: 1711.69
A10: ISS | G10: =D8 -> Porto Alegre | H10: Alíquota | I10: 0
A11: Tarifa Transporte | G11: CCT | H11: Vr. Unitário | I11: 4.8
H12: Dias | I12: 22
H13: Desconto | I13: 0.06
A14: Auxílio Alimentação | G14: CCT | H14: Vr. Unitário | I14: 200
H15: Mês | I15: 1
H16: Desconto | I16: 0.2
A17: Auxílio Lanche | G17: CCT | H17: Vr. Unitário | I17: 0
H18: Dias | I18: 0
H19: Desconto | I19: 0
A20: Despesas Atividades Teóricas | G20: CCT | H20: Valor mensal | I20: 428.1
A21: Adicional de Supervisor (37%) | H21: Porcentagem | I21: Não aplicável
A22: Base de cálculo da insalubridade | H22: Valor | I22: Não aplicável
A23: Quantitativo de horas trabalhadas em feriados no mês (estimado) - Não aplicável para postos 12x36 | H23: Horas por mês | I23: Não aplicável
H24: Acréscimo da hora extra | I24: Não aplicável
A25: Hora Intervalar (somente para postos 12x36, quando for o caso) | H25: Horas por mês | I25: Não aplicável
A26: Sem fornecimento de materiais ou apenas fornecimento de EPIs ou uniformes, utilizar 10%. Com fornecimento de materiais ou equipamentos, utilizar 20%. (Decreto 52.768/2015, alterado pelo Decreto 53.424/2017) | H26: Porcentagem | I26: 0.1
A28: MONTANTE A
A29: I | B29: Remuneração - Grupo I | H29: % | I29: Valor Mensal/unidade de serviço (R$)
A30: 1 | B30: Salário | H30: =I30/$I$39 -> 1 | I30: =IF(D5="12x36",I9,I9/H9*I4) -> 778.04091
A31: =A30+1 -> 2 | B31: Adicional Periculosidade 30% (Ver súmulas 364, 132 e 191 do TST) | H31: =I31/$I$39 -> 0 | I31: =IF(I8=30%,I30*I8,0) -> 0
A32: =A31+1 -> 3 | B32: Adicional Insalubridade 10% (Ver súmula 228 e 139 TST) | H32: =I32/$I$39 -> 0 | I32: =IF(I6=10%,I22*I6,0) -> 0
A33: =A32+1 -> 4 | B33: Adicional Insalubridade 20% (Ver súmula 228 e 139 TST) | H33: =I33/$I$39 -> 0 | I33: =IF(I6=20%,I22*I6,0) -> 0
A34: =A33+1 -> 5 | B34: Adicional Insalubridade 40% (Ver súmula 228 e 139 TST) | H34: =I34/$I$39 -> 0 | I34: =IF(I6=40%,I22*I6,0) -> 0
A35: =A34+1 -> 6 | B35: Adicional de Supervisor (IN 05/2017 MPOG SLTI) | H35: =I35/$I$39 -> 0 | I35: =IF(I21="Não aplicável",0,I30*I21) -> 0
A36: =A35+1 -> 7 | B36: Feriados | H36: =I36/$I$39 -> 0 | I36: =IF(I23="Não aplicável",0,(I30+I31+I32+I33+I34+I35+I38)/I4*I23*(1+I24)) -> 0
A37: =A36+1 -> 8 | B37: DSR = número total das horas extras do mês / número de dias úteis X domingos e feriados do mês X valor da hora extra com acréscimo | H37: =I37/$I$39 -> 0 | I37: =IF(I23="Não aplicável",0,I23/I12*5*(I9/H9*(1+I24))) -> 0
A38: =A37+1 -> 9 | B38: =IF(D5="12x36","Para postos 12x36 os feriados são considerados compensados, conforme parágrafo único, Art. 59-A da CLT","Outros") -> Outros | H38: =I38/$I$39 -> 0 | I38: 0
A39: Total de Remuneração | H39: =SUM(H30:H38) -> 1 | I39: =SUM(I30:I38) -> 778.04091
A41: II | B41: Encargos Sociais - Grupo II: Obrigações Sociais | H41: % | I41: Valor Mensal/unidade de serviço (R$)
A42: 1 | B42: INSS (art. 22, inc. I, Lei nº 8.212/91) | H42: 0.2 | I42: =$I$39*H42 -> 155.60818
A43: 2 | B43: SESI ou SESC (art. 30, Lei nº 8.036/90) | H43: 0.015 | I43: =$I$39*H43 -> 11.670614
A44: 3 | B44: SENAI ou SENAC (Decreto-Lei nº 2.318/86) | H44: 0.01 | I44: =$I$39*H44 -> 7.7804091
A45: 4 | B45: INCRA (art. 15I, Lei Complementar nº 011/71) | H45: 0.002 | I45: =$I$39*H45 -> 1.5560818
A46: 5 | B46: SALÁRIO EDUCAÇÃO (art. , inc. I, Decreto nº 87.043/82) | H46: 0.025 | I46: =$I$39*H46 -> 19.451023
A47: 6 | B47: FGTS (art. 15, Lei nº 8.036/90) | H47: 0.02 | I47: =$I$39*H47 -> 15.560818
A48: 7 | B48: SEG. ACIDENTE DO TRABALHO 1%, 2% e 3% (art. 22, inc. II, alíneas "b" e "c", da Lei nº 8.212/91) | H48: 0.03 | I48: =$I$39*H48 -> 23.341227
A49: 8 | B49: SEBRAE (§ 3º, art. 8º, Lei nº 8.029/90) | H49: 0.006 | I49: =$I$39*H49 -> 4.6682455
A50: Total do Grupo II | H50: =SUM(H42:H49) -> 0.308 | I50: =SUM(I42:I49) -> 239.6366
A51: Os percentuais para o SAT podem variar de 0,50% a 6,00% em função do Fator de Acidente Previdenciário (FAP), Decreto nº 6.957/2009
A52: Deverá obrigatoriamente acompanhar a proposta de preços e a planilha de custos e formação de preços a prova do Fator Acidentário de Prevenção – FAP por meio de impressão de consulta ao site do Ministério da Previdência Social (que pode ser obtido no endereço eletrônico http://www2.dataprev.gov.br/fap/fap.htm), independentemente de alteração da alíquota da parcela do Seguro Acidente de Trabalho disposta no Quadro II da referida planilha.
A53: III | B53: Encargos Sociais - Grupo III: Tempo Não Trabalhado | H53: % | I53: Valor Mensal/unidade de serviço (R$)
A54: 1 | B54: FÉRIAS GOZADAS + ADICIONAL DE FÉRIAS | H54: 0.119314 | I54: =$I$39*H54 -> 92.831173
A55: 2 | B55: FALTAS ABONADAS (3) | H55: 0.020479 | I55: =$I$39*H55 -> 15.9335
A56: 3 | B56: FALTAS LEGAIS (4) | H56: 0.012123 | I56: =$I$39*H56 -> 9.4321899
A57: 4 | B57: LICENÇA MATERNIDADE | H57: 0.011436 | I57: =$I$39*H57 -> 8.8976758
A58: 5 | B58: LICENÇA PATERNIDADE | H58: 0.000174 | I58: =$I$39*H58 -> 0.13537912
A59: 6 | B59: ACIDENTE DE TRABALHO | H59: 0.000442 | I59: =$I$39*H59 -> 0.34389408
A60: 7 | B60: AVISO PRÉVIO TRABALHADO | H60: 0.000185 | I60: =$I$39*H60 -> 0.14393757
A61: 8 | B61: 13º SALÁRIO | H61: 0.09079 | I61: =$I$39*H61 -> 70.638334
A62: Total do Grupo III | H62: =SUM(H54:H61) -> 0.254943 | I62: =SUM(I54:I61) -> 198.35608
A63: (3) | B63: Faltas Justificadas por Auxílio Doença
A64: (4) | B64: Faltas Legais - Art. 473 CLT
A65: IV | B65: Encargos Sociais - Grupo IV: Indenizações | H65: % | I65: Valor Mensal/unidade de serviço (R$)
A66: 1 | B66: INDENIZAÇÕES | H66: 0.023627 | I66: =$I$39*H66 -> 18.382773
A67: 2 | B67: FGTS SOBRE INDENIZAÇÕES | H67: 0.001717 | I67: =$I$39*H67 -> 1.3358962
A68: 3 | B68: INDENIZAÇÃO COMPENSATÓRIA POR DEMISSÃO SEM JUSTA CAUSA | H68: 0.009451 | I68: =$I$39*H68 -> 7.3532646
A69: Total do Grupo IV | H69: =SUM(H66:H68) -> 0.034795 | I69: =SUM(I66:I68) -> 27.071933
A71: V | B71: Encargos Sociais - Grupo V: Incidências | H71: % | I71: Valor Mensal/unidade de serviço (R$)
A72: 1 | B72: INCIDÊNCIA GRUPO II (Obrigações Sociais) X GRUPO III (Tempo Não Trabalhado) | H72: =(H50*H62) -> 0.078522444 | I72: =$I$39*H72 -> 61.093674
A73: Total do Grupo V | H73: =SUM(H72:H72) -> 0.078522444 | I73: =I72 -> 61.093674
A75: TOTAL DOS ENCAGOS SOCIAIS (II + III + IV + V) | H75: =H50+H62+H69+H73 -> 0.67626044 | I75: =I50+I62+I69+I73 -> 526.15829
A77: VI | B77: Demais custos relativos à Norma Coletiva ou Disposições Legais - Grupo VI | H77: % | I77: Valor Mensal/unidade de serviço (R$)
A78: 1 | B78: Auxílio Alimentação | H78: =I78/$I$39 -> 0.20564471 | I78: =I95 -> 160
A79: 2 | B79: Auxílio Lanche | H79: =I79/$I$39 -> 0 | I79: =I91 -> 0
A80: 3 | B80: Vale-Transporte⁽⁵⁾ | H80: =I80/$I$39 -> 0.21145102 | I80: =I87 -> 164.51755
A81: 4 | B81: Adicional Intervalar | H81: =I81/$I$39 -> 0 | I81: =IF(I25="Não aplicável",0,((I9/H9)*1.5*I25)) -> 0
A82: 5 | B82: Outros | H82: =I82/$I$39 -> 0 | I82: 0
A83: Total do Grupo VI | H83: =SUM(H78:H82) -> 0.41709574 | I83: =SUM(I78:I82) -> 324.51755
A84: (5) | B84: O valor do vale-transporte pode variar de acordo com o modal fornecido pelo empregador.
A85: MEMÓRIA DE CÁLCULO DO VALE TRANSPORTE
A86: Valor Unitário | C86: Dias de Trabalho | D86: Vale p/dia | E86: Custo total | F86: Base de cálculo | G86: Percentual de desconto | H86: Valor desconto | I86: Custo efetivo
A87: =I11 -> 4.8 | C87: =I12 -> 22 | D87: 2 | E87: =A87*C87*D87 -> 211.2 | F87: =I30 -> 778.04091 | G87: =I13 -> 0.06 | H87: =F87*G87 -> 46.682455 | I87: =IF((E87-H87)>0,E87-H87,0) -> 164.51755
A89: MEMÓRIA DE CÁLCULO DO VALE LANCHE
A90: Valor Unitário | C90: Dias por mês | D90: Vale p/dia | E90: Custo total | F90: Base de cálculo | G90: Percentual de desconto | H90: Valor desconto | I90: Custo efetivo
A91: =I17 -> 0 | C91: =I18 -> 0 | D91: 1 | E91: =A91*C91*D91 -> 0 | F91: =E91 -> 0 | G91: =I19 -> 0 | H91: =F91*G91 -> 0 | I91: =E91-H91 -> 0
A93: MEMÓRIA DE CÁLCULO DO | F93: =A14 -> Auxílio Alimentação
A94: Valor Unitário | C94: Dias por mês | D94: Vale p/dia | E94: Custo total | F94: Base de cálculo | G94: Percentual de desconto | H94: =H86 -> Valor desconto | I94: Custo efetivo
A95: =I14 -> 200 | C95: =I15 -> 1 | D95: 1 | E95: =A95*C95*D95 -> 200 | F95: =E95 -> 200 | G95: =I16 -> 0.2 | H95: =F95*G95 -> 40 | I95: =E95-H95 -> 160
A97: TOTAL DO MONTANTE A (I + II + III+ IV + V +VI) | H97: =H39+H75+H83 -> 2.0933562 | I97: =I39+I75+I83 -> 1628.7167
A99: MONTANTE B
A100: I | B100: Despesas Diretas | H100: % | I100: Valor Mensal/unidade de serviço (R$)
A101: 1 | B101: Transporte (6) | H101: =I101/$I$112 -> 0 | I101: 0
A102: 2 | B102: Uniformes/EPI (6a) | H102: =I102/$I$112 -> 0 | I102: 0
A103: 3 | B103: Seguro de vida | H103: =I103/$I$112 -> 0 | I103: 0
A104: 4 | B104: Materiais/Equipamentos | H104: =I104/$I$112 -> 0 | I104: =IF(F110=20%,G110,0) -> 0
A105: 5 | B105: Mobilização (7) | H105: =I105/$I$112 -> 0 | I105: 0
A106: 6 | B106: Outros | H106: =I106/$I$112 -> 0 | I106: 0
A107: Total de Despesas Diretas | H107: =H101+H102+H103+H104+H105+H106 -> 0 | I107: =SUM(I101:I106) -> 0
B108: (6) Somente será preenchido quando o licitante fornecer transporte próprio (6a) EPI - Equipamento de Proteção Individual (7) Tais custos de mobilização não são renováveis, devendo ser eliminados após o primeiro ano de contrato caso haja prorrogação
A110: LIMITE QUADRO I (Despesas Diretas) sobre Montante A (exceto Vale-transporte), conforme alíneas "b.2" e "b.3", Inc. II, art. 7º, do Decreto 52.768/2015, alterado pelo Decreto 53.424/2017: 10% SEM MATERIAIS/EQUIPAMENTOS; 20% COM MATERIAIS/EQUIPAMENTOS | F110: =I26 -> 0.1 | G110: =I112*F110 -> 146.41992 | H110: Dedução Vale Transporte | I110: =I80 -> 164.51755
...

Sheet Alvorada
A1: PLANILHA DE CUSTOS E FORMAÇÃO DE PREÇOS DE SERVIÇOS CONTINUADOS COM DEDICAÇÃO EXCLUSIVA DE MÃO DE OBRA (ANEXO III - DECRETO 52.768 de 15.12.2015)
A2: PROCESSO: | C2: 24/2100-0000042-7 | E2: REGIME DE TRIBUTAÇÃO: LUCRO PRESUMIDO
A3: LICITAÇÃO/EDITAL | E3: ABERTURA:
A4: Cargo/Função: | D4: Jovem Aprendiz | G4: =IF(D5="12x36","Regime de trabalho:","Quantidade de HORAS/MÊS") -> Quantidade de HORAS/MÊS | I4: =IF(D5="12x36",D5,5*D5) -> 100
A5: =IF(D5="12x36","Regime de trabalho:","Regime de trabalho (horas semanais):") -> Regime de trabalho (horas semanais): | D5: 20
A6: Convenção Coletiva de Trabalho: | D6: -- | G6: INSALUBRIDADE (10%, 20%, 40%) | I6: Não aplicável
A7: Origem do salário: | D7: Lei Estadual nº 16.040/2023 - Categoria IV
A8: Cidade: | D8: Alvorada | G8: PERICULOSIDADE (30%) | I8: Não aplicável
A9: Salário Normativo | G9: Vlr. do salário e nº de horas correspondentes | H9: 220 | I9: 1711.69
A10: ISS | G10: =D8 -> Alvorada | H10: Alíquota | I10: 0
A11: Tarifa Transporte | G11: CCT | H11: Vr. Unitário | I11: 4
H12: Dias | I12: 22
H13: Desconto | I13: 0.06
A14: Auxílio Alimentação | G14: CCT | H14: Vr. Unitário | I14: 200
H15: Mês | I15: 1
H16: Desconto | I16: 0.2
A17: Auxílio Lanche | G17: CCT | H17: Vr. Unitário | I17: 0
H18: Dias | I18: 0
H19: Desconto | I19: 0
A20: Despesas Atividades Teóricas | G20: CCT | H20: Valor mensal | I20: 428.1
A21: Adicional de Supervisor (37%) | H21: Porcentagem | I21: Não aplicável
A22: Base de cálculo da insalubridade | H22: Valor | I22: Não aplicável
A23: Quantitativo de horas trabalhadas em feriados no mês (estimado) - Não aplicável para postos 12x36 | H23: Horas por mês | I23: Não aplicável
H24: Acréscimo da hora extra | I24: Não aplicável
A25: Hora Intervalar (somente para postos 12x36, quando for o caso) | H25: Horas por mês | I25: Não aplicável
A26: Sem fornecimento de materiais ou apenas fornecimento de EPIs ou uniformes, utilizar 10%. Com fornecimento de materiais ou equipamentos, utilizar 20%. (Decreto 52.768/2015, alterado pelo Decreto 53.424/2017) | H26: Porcentagem | I26: 0.1
A28: MONTANTE A
A29: I | B29: Remuneração - Grupo I | H29: % | I29: Valor Mensal/unidade de serviço (R$)
A30: 1 | B30: Salário | H30: =I30/$I$39 -> 1 | I30: =IF(D5="12x36",I9,I9/H9*I4) -> 778.04091
A31: =A30+1 -> 2 | B31: Adicional Periculosidade 30% (Ver súmulas 364, 132 e 191 do TST) | H31: =I31/$I$39 -> 0 | I31: =IF(I8=30%,I30*I8,0) -> 0
A32: =A31+1 -> 3 | B32: Adicional Insalubridade 10% (Ver súmula 228 e 139 TST) | H32: =I32/$I$39 -> 0 | I32: =IF(I6=10%,I22*I6,0) -> 0
A33: =A32+1 -> 4 | B33: Adicional Insalubridade 20% (Ver súmula 228 e 139 TST) | H33: =I33/$I$39 -> 0 | I33: =IF(I6=20%,I22*I6,0) -> 0
A34: =A33+1 -> 5 | B34: Adicional Insalubridade 40% (Ver súmula 228 e 139 TST) | H34: =I34/$I$39 -> 0 | I34: =IF(I6=40%,I22*I6,0) -> 0
A35: =A34+1 -> 6 | B35: Adicional de Supervisor (IN 05/2017 MPOG SLTI) | H35: =I35/$I$39 -> 0 | I35: =IF(I21="Não aplicável",0,I30*I21) -> 0
A36: =A35+1 -> 7 | B36: Feriados | H36: =I36/$I$39 -> 0 | I36: =IF(I23="Não aplicável",0,(I30+I31+I32+I33+I34+I35+I38)/I4*I23*(1+I24)) -> 0
A37: =A36+1 -> 8 | B37: DSR = número total das horas extras do mês / número de dias úteis X domingos e feriados do mês X valor da hora extra com acréscimo | H37: =I37/$I$39 -> 0 | I37: =IF(I23="Não aplicável",0,I23/I12*5*(I9/H9*(1+I24))) -> 0
A38: =A37+1 -> 9 | B38: =IF(D5="12x36","Para postos 12x36 os feriados são considerados compensados, conforme parágrafo único, Art. 59-A da CLT","Outros") -> Outros | H38: =I38/$I$39 -> 0 | I38: 0
A39: Total de Remuneração | H39: =SUM(H30:H38) -> 1 | I39: =SUM(I30:I38) -> 778.04091
A41: II | B41: Encargos Sociais - Grupo II: Obrigações Sociais | H41: % | I41: Valor Mensal/unidade de serviço (R$)
A42: 1 | B42: INSS (art. 22, inc. I, Lei nº 8.212/91) | H42: 0.2 | I42: =$I$39*H42 -> 155.60818
A43: 2 | B43: SESI ou SESC (art. 30, Lei nº 8.036/90) | H43: 0.015 | I43: =$I$39*H43 -> 11.670614
A44: 3 | B44: SENAI ou SENAC (Decreto-Lei nº 2.318/86) | H44: 0.01 | I44: =$I$39*H44 -> 7.7804091
A45: 4 | B45: INCRA (art. 15I, Lei Complementar nº 011/71) | H45: 0.002 | I45: =$I$39*H45 -> 1.5560818
A46: 5 | B46: SALÁRIO EDUCAÇÃO (art. , inc. I, Decreto nº 87.043/82) | H46: 0.025 | I46: =$I$39*H46 -> 19.451023
A47: 6 | B47: FGTS (art. 15, Lei nº 8.036/90) | H47: 0.02 | I47: =$I$39*H47 -> 15.560818
A48: 7 | B48: SEG. ACIDENTE DO TRABALHO 1%, 2% e 3% (art. 22, inc. II, alíneas "b" e "c", da Lei nº 8.212/91) | H48: 0.03 | I48: =$I$39*H48 -> 23.341227
A49: 8 | B49: SEBRAE (§ 3º, art. 8º, Lei nº 8.029/90) | H49: 0.006 | I49: =$I$39*H49 -> 4.6682455
A50: Total do Grupo II | H50: =SUM(H42:H49) -> 0.308 | I50: =SUM(I42:I49) -> 239.6366
A51: Os percentuais para o SAT podem variar de 0,50% a 6,00% em função do Fator de Acidente Previdenciário (FAP), Decreto nº 6.957/2009
A52: Deverá obrigatoriamente acompanhar a proposta de preços e a planilha de custos e formação de preços a prova do Fator Acidentário de Prevenção – FAP por meio de impressão de consulta ao site do Ministério da Previdência Social (que pode ser obtido no endereço eletrônico http://www2.dataprev.gov.br/fap/fap.htm), independentemente de alteração da alíquota da parcela do Seguro Acidente de Trabalho disposta no Quadro II da referida planilha.
A53: III | B53: Encargos Sociais - Grupo III: Tempo Não Trabalhado | H53: % | I53: Valor Mensal/unidade de serviço (R$)
A54: 1 | B54: FÉRIAS GOZADAS + ADICIONAL DE FÉRIAS | H54: 0.119314 | I54: =$I$39*H54 -> 92.831173
A55: 2 | B55: FALTAS ABONADAS (3) | H55: 0.020479 | I55: =$I$39*H55 -> 15.9335
A56: 3 | B56: FALTAS LEGAIS (4) | H56: 0.012123 | I56: =$I$39*H56 -> 9.4321899
A57: 4 | B57: LICENÇA MATERNIDADE | H57: 0.011436 | I57: =$I$39*H57 -> 8.8976758
A58: 5 | B58: LICENÇA PATERNIDADE | H58: 0.000174 | I58: =$I$39*H58 -> 0.13537912
A59: 6 | B59: ACIDENTE DE TRABALHO | H59: 0.000442 | I59: =$I$39*H59 -> 0.34389408
A60: 7 | B60: AVISO PRÉVIO TRABALHADO | H60: 0.000185 | I60: =$I$39*H60 -> 0.14393757
A61: 8 | B61: 13º SALÁRIO | H61: 0.09079 | I61: =$I$39*H61 -> 70.638334
A62: Total do Grupo III | H62: =SUM(H54:H61) -> 0.254943 | I62: =SUM(I54:I61) -> 198.35608
A63: (3) | B63: Faltas Justificadas por Auxílio Doença
A64: (4) | B64: Faltas Legais - Art. 473 CLT
A65: IV | B65: Encargos Sociais - Grupo IV: Indenizações | H65: % | I65: Valor Mensal/unidade de serviço (R$)
A66: 1 | B66: INDENIZAÇÕES | H66: 0.023627 | I66: =$I$39*H66 -> 18.382773
A67: 2 | B67: FGTS SOBRE INDENIZAÇÕES | H67: 0.001717 | I67: =$I$39*H67 -> 1.3358962
A68: 3 | B68: INDENIZAÇÃO COMPENSATÓRIA POR DEMISSÃO SEM JUSTA CAUSA | H68: 0.009451 | I68: =$I$39*H68 -> 7.3532646
A69: Total do Grupo IV | H69: =SUM(H66:H68) -> 0.034795 | I69: =SUM(I66:I68) -> 27.071933
A71: V | B71: Encargos Sociais - Grupo V: Incidências | H71: % | I71: Valor Mensal/unidade de serviço (R$)
A72: 1 | B72: INCIDÊNCIA GRUPO II (Obrigações Sociais) X GRUPO III (Tempo Não Trabalhado) | H72: =(H50*H62) -> 0.078522444 | I72: =$I$39*H72 -> 61.093674
A73: Total do Grupo V | H73: =SUM(H72:H72) -> 0.078522444 | I73: =I72 -> 61.093674
A75: TOTAL DOS ENCAGOS SOCIAIS (II + III + IV + V) | H75: =H50+H62+H69+H73 -> 0.67626044 | I75: =I50+I62+I69+I73 -> 526.15829
A77: VI | B77: Demais custos relativos à Norma Coletiva ou Disposições Legais - Grupo VI | H77: % | I77: Valor Mensal/unidade de serviço (R$)
A78: 1 | B78: Auxílio Alimentação | H78: =I78/$I$39 -> 0.20564471 | I78: =I95 -> 160
A79: 2 | B79: Auxílio Lanche | H79: =I79/$I$39 -> 0 | I79: =I91 -> 0
A80: 3 | B80: Vale-Transporte⁽⁵⁾ | H80: =I80/$I$39 -> 0.16620919 | I80: =I87 -> 129.31755
A81: 4 | B81: Adicional Intervalar | H81: =I81/$I$39 -> 0 | I81: =IF(I25="Não aplicável",0,((I9/H9)*1.5*I25)) -> 0
A82: 5 | B82: Outros | H82: =I82/$I$39 -> 0 | I82: 0
A83: Total do Grupo VI | H83: =SUM(H78:H82) -> 0.3718539 | I83: =SUM(I78:I82) -> 289.31755
A84: (5) | B84: O valor do vale-transporte pode variar de acordo com o modal fornecido pelo empregador.
A85: MEMÓRIA DE CÁLCULO DO VALE TRANSPORTE
A86: Valor Unitário | C86: Dias de Trabalho | D86: Vale p/dia | E86: Custo total | F86: Base de cálculo | G86: Percentual de desconto | H86: Valor desconto | I86: Custo efetivo
A87: =I11 -> 4 | C87: =I12 -> 22 | D87: 2 | E87: =A87*C87*D87 -> 176 | F87: =I30 -> 778.04091 | G87: =I13 -> 0.06 | H87: =F87*G87 -> 46.682455 | I87: =IF((E87-H87)>0,E87-H87,0) -> 129.31755
A89: MEMÓRIA DE CÁLCULO DO VALE LANCHE
A90: Valor Unitário | C90: Dias por mês | D90: Vale p/dia | E90: Custo total | F90: Base de cálculo | G90: Percentual de desconto | H90: Valor desconto | I90: Custo efetivo
A91: =I17 -> 0 | C91: =I18 -> 0 | D91: 1 | E91: =A91*C91*D91 -> 0 | F91: =E91 -> 0 | G91: =I19 -> 0 | H91: =F91*G91 -> 0 | I91: =E91-H91 -> 0
A93: MEMÓRIA DE CÁLCULO DO | F93: =A14 -> Auxílio Alimentação
A94: Valor Unitário | C94: Dias por mês | D94: Vale p/dia | E94: Custo total | F94: Base de cálculo | G94: Percentual de desconto | H94: =H86 -> Valor desconto | I94: Custo efetivo
A95: =I14 -> 200 | C95: =I15 -> 1 | D95: 1 | E95: =A95*C95*D95 -> 200 | F95: =E95 -> 200 | G95: =I16 -> 0.2 | H95: =F95*G95 -> 40 | I95: =E95-H95 -> 160
A97: TOTAL DO MONTANTE A (I + II + III+ IV + V +VI) | H97: =H39+H75+H83 -> 2.0481143 | I97: =I39+I75+I83 -> 1593.5167
A99: MONTANTE B
A100: I | B100: Despesas Diretas | H100: % | I100: Valor Mensal/unidade de serviço (R$)
A101: 1 | B101: Transporte (6) | H101: =I101/$I$112 -> 0 | I101: 0
A102: 2 | B102: Uniformes/EPI (6a) | H102: =I102/$I$112 -> 0 | I102: 0
A103: 3 | B103: Seguro de vida | H103: =I103/$I$112 -> 0 | I103: 0
A104: 4 | B104: Materiais/Equipamentos | H104: =I104/$I$112 -> 0 | I104: =IF(F110=20%,G110,0) -> 0
A105: 5 | B105: Mobilização (7) | H105: =I105/$I$112 -> 0 | I105: 0
A106: 6 | B106: Outros | H106: =I106/$I$112 -> 0 | I106: 0
A107: Total de Despesas Diretas | H107: =H101+H102+H103+H104+H105+H106 -> 0 | I107: =SUM(I101:I106) -> 0
B108: (6) Somente será preenchido quando o licitante fornecer transporte próprio (6a) EPI - Equipamento de Proteção Individual (7) Tais custos de mobilização não são renováveis, devendo ser eliminados após o primeiro ano de contrato caso haja prorrogação
A110: LIMITE QUADRO I (Despesas Diretas) sobre Montante A (exceto Vale-transporte), conforme alíneas "b.2" e "b.3", Inc. II, art. 7º, do Decreto 52.768/2015, alterado pelo Decreto 53.424/2017: 10% SEM MATERIAIS/EQUIPAMENTOS; 20% COM MATERIAIS/EQUIPAMENTOS | F110: =I26 -> 0.1 | G110: =I112*F110 -> 146.41992 | H110: Dedução Vale Transporte | I110: =I80 -> 129.31755
...

Sheet Resumo
A1: Quadro Resumo Mensal
A2: Lote | B2: Função | C2: Cidade | D2: Valor Unitário | E2: Quantidad | F2: Valor Total
A3: 1 | B3: Jovem Aprendiz | C3: Caxias do Sul | D3: ='Caxias do Sul'!I174 -> 2177.8839 | E3: 150 | F3: =E3*D3 -> 326682.58
C4: Canoas | D4: =Canoas!I174 -> 2118.517 | E4: 100 | F4: =E4*D4 -> 211851.7
C5: Novo Hamburgo | D5: ='Novo Hamburgo'!I174 -> 2127.6503 | E5: 80 | F5: =E5*D5 -> 170212.03
C6: São Leopoldo | D6: ='São Leopoldo'!I174 -> 2118.517 | E6: 80 | F6: =E6*D6 -> 169481.36
C7: Santa Maria | D7: ='Santa Maria'!I174 -> 2740.0477 | E7: 90 | F7: =E7*D7 -> 246604.29
A8: TOTAL LOTE 1 | E8: =SUM(E3:E7) -> 500 | F8: =SUM(F3:F7) -> 1124831.9
A9: VALOR GLOBAL LOTE 1 (500 JOVENS APRENDIZES POR 24 MESES): | F9: =F8*24 -> 26995967
A10: 2 | B10: Jovem Aprendiz | C10: Alvorada | D10: =Alvorada!I174 -> 2081.9835 | E10: 65 | F10: =E10*D10 -> 135328.93
C11: Porto Alegre | D11: ='Porto Alegre'!I174 -> 2118.517 | E11: 370 | F11: =E11*D11 -> 783851.28
C12: Viamão | D12: =Viamão!I174 -> 2093.4002 | E12: 65 | F12: =E12*D12 -> 136071.01
A13: TOTAL LOTE 2 | E13: =SUM(E10:E12) -> 500 | F13: =SUM(F10:F12) -> 1055251.2
A14: VALOR GLOBAL LOTE 2 (500 JOVENS APRENDIZES POR 24 MESES): | F14: =F13*24 -> 25326029
A15: Valor Total Lote 1 + Lote 2 | F15: =F14+F9 -> 52321996
